Workbook

Sheet Feuil1
C2: PRIMES CHAUFFEURS | G2: OCT. 17
B4: N° | C4: NAVETTES | H4: TOTAL | I4: PRIMES | J4: EXPORT | K4: PRIMES | L4: TOTAL
C5: 10064 | D5: 10012 | E5: 10009 | F5: 10008 | G5: 10010
B6: LTTR 483 AH | C6: 0 | D6: 0 | E6: =COUNTIF('[1]FACT N°128SFOT17'!$E$21:$E$22,B6)+COUNTIF('[1]FACT N°131SFOT17'!$E$21:$E$43,B6) -> 0 | F6: 0 | G6: =COUNTIF('[1]FACT N°126SFOT17'!$E$21:$E$39,B6)+COUNTIF('[1]FACT N°125SFOT17'!$E$21:$E$44,B6)+COUNTIF('[1]FACT N°130SFOT17'!$E$21,B6)+COUNTIF('[1]FACT N°129SFOT17'!$E$21:$E$26,B6) -> 0 | H6: =SUM(C6:G6) -> 0 | I6: =(C6*10000)+(D6*2500)+(E6*5000)+(G6*5000)+(F6*5000) -> 0 | J6: =COUNTIF('[1]FACT N°17SBOT17'!$E$21,B6)+COUNTIF('[1]FACT N°16SBOT17'!$E$21:$E$22,B6)+COUNTIF('[1]FACT N°127SFOT17'!$E$21,B6)+COUNTIF('[1]FACT N°18SBOT17'!$E$21,B6) -> 0 | K6: =IF(B6="LTTR 273 AF",J6*30000,J6*25000) -> 0 | L6: =K6+I6 -> 0
B7: LTTR 275 AF | C7: 0 | D7: 0 | E7: =COUNTIF('[1]FACT N°128SFOT17'!$E$21:$E$22,B7)+COUNTIF('[1]FACT N°131SFOT17'!$E$21:$E$43,B7) -> 0 | F7: 0 | G7: =COUNTIF('[1]FACT N°126SFOT17'!$E$21:$E$39,B7)+COUNTIF('[1]FACT N°125SFOT17'!$E$21:$E$44,B7)+COUNTIF('[1]FACT N°130SFOT17'!$E$21,B7)+COUNTIF('[1]FACT N°129SFOT17'!$E$21:$E$26,B7) -> 0 | H7: =SUM(C7:G7) -> 0 | I7: =(C7*10000)+(D7*2500)+(E7*5000)+(G7*5000)+(F7*5000) -> 0 | J7: =COUNTIF('[1]FACT N°17SBOT17'!$E$21,B7)+COUNTIF('[1]FACT N°16SBOT17'!$E$21:$E$22,B7)+COUNTIF('[1]FACT N°127SFOT17'!$E$21,B7)+COUNTIF('[1]FACT N°18SBOT17'!$E$21,B7) -> 0 | K7: =IF(B7="LTTR 273 AF",J7*30000,J7*25000) -> 0 | L7: =K7+I7 -> 0
B8: LTTR 273 AF | C8: 0 | D8: 0 | E8: =COUNTIF('[1]FACT N°128SFOT17'!$E$21:$E$22,B8)+COUNTIF('[1]FACT N°131SFOT17'!$E$21:$E$43,B8) -> 0 | F8: 0 | G8: =COUNTIF('[1]FACT N°126SFOT17'!$E$21:$E$39,B8)+COUNTIF('[1]FACT N°125SFOT17'!$E$21:$E$44,B8)+COUNTIF('[1]FACT N°130SFOT17'!$E$21,B8)+COUNTIF('[1]FACT N°129SFOT17'!$E$21:$E$26,B8) -> 0 | H8: =SUM(C8:G8) -> 0 | I8: =(C8*10000)+(D8*2500)+(E8*5000)+(G8*5000)+(F8*5000) -> 0 | J8: =COUNTIF('[1]FACT N°17SBOT17'!$E$21,B8)+COUNTIF('[1]FACT N°16SBOT17'!$E$21:$E$22,B8)+COUNTIF('[1]FACT N°127SFOT17'!$E$21,B8)+COUNTIF('[1]FACT N°18SBOT17'!$E$21,B8) -> 1 | K8: =IF(B8="LTTR 273 AF",J8*30000,J8*25000) -> 30000 | L8: =K8+I8 -> 30000
B9: LTTR 797 AJ | C9: 0 | D9: 0 | E9: =COUNTIF('[1]FACT N°128SFOT17'!$E$21:$E$22,B9)+COUNTIF('[1]FACT N°131SFOT17'!$E$21:$E$43,B9) -> 0 | F9: 0 | G9: =COUNTIF('[1]FACT N°126SFOT17'!$E$21:$E$39,B9)+COUNTIF('[1]FACT N°125SFOT17'!$E$21:$E$44,B9)+COUNTIF('[1]FACT N°130SFOT17'!$E$21,B9)+COUNTIF('[1]FACT N°129SFOT17'!$E$21:$E$26,B9) -> 0 | H9: =SUM(C9:G9) -> 0 | I9: =(C9*10000)+(D9*2500)+(E9*5000)+(G9*5000)+(F9*5000) -> 0 | J9: =COUNTIF('[1]FACT N°17SBOT17'!$E$21,B9)+COUNTIF('[1]FACT N°16SBOT17'!$E$21:$E$22,B9)+COUNTIF('[1]FACT N°127SFOT17'!$E$21,B9)+COUNTIF('[1]FACT N°18SBOT17'!$E$21,B9) -> 0 | K9: =IF(B9="LTTR 273 AF",J9*30000,J9*25000) -> 0 | L9: =K9+I9 -> 0 | N9: UNE FONCTION NB.SI ME DONNAIT LE NOMBRE DE VOYAGE / CAMION SUR UNE FACTURE EN COURS
B10: LTTR 798 AJ | C10: 0 | D10: 0 | E10: =COUNTIF('[1]FACT N°128SFOT17'!$E$21:$E$22,B10)+COUNTIF('[1]FACT N°131SFOT17'!$E$21:$E$43,B10) -> 3 | F10: 0 | G10: =COUNTIF('[1]FACT N°126SFOT17'!$E$21:$E$39,B10)+COUNTIF('[1]FACT N°125SFOT17'!$E$21:$E$44,B10)+COUNTIF('[1]FACT N°130SFOT17'!$E$21,B10)+COUNTIF('[1]FACT N°129SFOT17'!$E$21:$E$26,B10) -> 6 | H10: =SUM(C10:G10) -> 9 | I10: =(C10*10000)+(D10*2500)+(E10*5000)+(G10*5000)+(F10*5000) -> 45000 | J10: =COUNTIF('[1]FACT N°17SBOT17'!$E$21,B10)+COUNTIF('[1]FACT N°16SBOT17'!$E$21:$E$22,B10)+COUNTIF('[1]FACT N°127SFOT17'!$E$21,B10)+COUNTIF('[1]FACT N°18SBOT17'!$E$21,B10) -> 0 | K10: =IF(B10="LTTR 273 AF",J10*30000,J10*25000) -> 0 | L10: =K10+I10 -> 45000
B11: LTTR 175 AL | C11: 0 | D11: 0 | E11: =COUNTIF('[1]FACT N°128SFOT17'!$E$21:$E$22,B11)+COUNTIF('[1]FACT N°131SFOT17'!$E$21:$E$43,B11) -> 0 | F11: 0 | G11: =COUNTIF('[1]FACT N°126SFOT17'!$E$21:$E$39,B11)+COUNTIF('[1]FACT N°125SFOT17'!$E$21:$E$44,B11)+COUNTIF('[1]FACT N°130SFOT17'!$E$21,B11)+COUNTIF('[1]FACT N°129SFOT17'!$E$21:$E$26,B11) -> 7 | H11: =SUM(C11:G11) -> 7 | I11: =(C11*10000)+(D11*2500)+(E11*5000)+(G11*5000)+(F11*5000) -> 35000 | J11: =COUNTIF('[1]FACT N°17SBOT17'!$E$21,B11)+COUNTIF('[1]FACT N°16SBOT17'!$E$21:$E$22,B11)+COUNTIF('[1]FACT N°127SFOT17'!$E$21,B11)+COUNTIF('[1]FACT N°18SBOT17'!$E$21,B11) -> 1 | K11: =IF(B11="LTTR 273 AF",J11*30000,J11*25000) -> 25000 | L11: =K11+I11 -> 60000
B12: LTTR 689 AM | C12: 0 | D12: 0 | E12: =COUNTIF('[1]FACT N°128SFOT17'!$E$21:$E$22,B12)+COUNTIF('[1]FACT N°131SFOT17'!$E$21:$E$43,B12) -> 8 | F12: 0 | G12: =COUNTIF('[1]FACT N°126SFOT17'!$E$21:$E$39,B12)+COUNTIF('[1]FACT N°125SFOT17'!$E$21:$E$44,B12)+COUNTIF('[1]FACT N°130SFOT17'!$E$21,B12)+COUNTIF('[1]FACT N°129SFOT17'!$E$21:$E$26,B12) -> 3 | H12: =SUM(C12:G12) -> 11 | I12: =(C12*10000)+(D12*2500)+(E12*5000)+(G12*5000)+(F12*5000) -> 55000 | J12: =COUNTIF('[1]FACT N°17SBOT17'!$E$21,B12)+COUNTIF('[1]FACT N°16SBOT17'!$E$21:$E$22,B12)+COUNTIF('[1]FACT N°127SFOT17'!$E$21,B12)+COUNTIF('[1]FACT N°18SBOT17'!$E$21,B12) -> 0 | K12: =IF(B12="LTTR 273 AF",J12*30000,J12*25000) -> 0 | L12: =K12+I12 -> 55000
B13: LTTR 690 AM | C13: 0 | D13: 0 | E13: =COUNTIF('[1]FACT N°128SFOT17'!$E$21:$E$22,B13)+COUNTIF('[1]FACT N°131SFOT17'!$E$21:$E$43,B13) -> 6 | F13: 0 | G13: =COUNTIF('[1]FACT N°126SFOT17'!$E$21:$E$39,B13)+COUNTIF('[1]FACT N°125SFOT17'!$E$21:$E$44,B13)+COUNTIF('[1]FACT N°130SFOT17'!$E$21,B13)+COUNTIF('[1]FACT N°129SFOT17'!$E$21:$E$26,B13) -> 4 | H13: =SUM(C13:G13) -> 10 | I13: =(C13*10000)+(D13*2500)+(E13*5000)+(G13*5000)+(F13*5000) -> 50000 | J13: =COUNTIF('[1]FACT N°17SBOT17'!$E$21,B13)+COUNTIF('[1]FACT N°16SBOT17'!$E$21:$E$22,B13)+COUNTIF('[1]FACT N°127SFOT17'!$E$21,B13)+COUNTIF('[1]FACT N°18SBOT17'!$E$21,B13) -> 0 | K13: =IF(B13="LTTR 273 AF",J13*30000,J13*25000) -> 0 | L13: =K13+I13 -> 50000
B14: LTTR 691 AM | C14: 0 | D14: 0 | E14: =COUNTIF('[1]FACT N°128SFOT17'!$E$21:$E$22,B14)+COUNTIF('[1]FACT N°131SFOT17'!$E$21:$E$43,B14) -> 2 | F14: 0 | G14: =COUNTIF('[1]FACT N°126SFOT17'!$E$21:$E$39,B14)+COUNTIF('[1]FACT N°125SFOT17'!$E$21:$E$44,B14)+COUNTIF('[1]FACT N°130SFOT17'!$E$21,B14)+COUNTIF('[1]FACT N°129SFOT17'!$E$21:$E$26,B14) -> 8 | H14: =SUM(C14:G14) -> 10 | I14: =(C14*10000)+(D14*2500)+(E14*5000)+(G14*5000)+(F14*5000) -> 50000 | J14: =COUNTIF('[1]FACT N°17SBOT17'!$E$21,B14)+COUNTIF('[1]FACT N°16SBOT17'!$E$21:$E$22,B14)+COUNTIF('[1]FACT N°127SFOT17'!$E$21,B14)+COUNTIF('[1]FACT N°18SBOT17'!$E$21,B14) -> 0 | K14: =IF(B14="LTTR 273 AF",J14*30000,J14*25000) -> 0 | L14: =K14+I14 -> 50000
B15: LTTR 917 AM | C15: 0 | D15: 0 | E15: =COUNTIF('[1]FACT N°128SFOT17'!$E$21:$E$22,B15)+COUNTIF('[1]FACT N°131SFOT17'!$E$21:$E$43,B15) -> 6 | F15: 0 | G15: =COUNTIF('[1]FACT N°126SFOT17'!$E$21:$E$39,B15)+COUNTIF('[1]FACT N°125SFOT17'!$E$21:$E$44,B15)+COUNTIF('[1]FACT N°130SFOT17'!$E$21,B15)+COUNTIF('[1]FACT N°129SFOT17'!$E$21:$E$26,B15) -> 3 | H15: =SUM(C15:G15) -> 9 | I15: =(C15*10000)+(D15*2500)+(E15*5000)+(G15*5000)+(F15*5000) -> 45000 | J15: =COUNTIF('[1]FACT N°17SBOT17'!$E$21,B15)+COUNTIF('[1]FACT N°16SBOT17'!$E$21:$E$22,B15)+COUNTIF('[1]FACT N°127SFOT17'!$E$21,B15)+COUNTIF('[1]FACT N°18SBOT17'!$E$21,B15) -> 0 | K15: =IF(B15="LTTR 273 AF",J15*30000,J15*25000) -> 0 | L15: =K15+I15 -> 45000
B16: LTTR 905 AN | C16: 0 | D16: 0 | E16: =COUNTIF('[1]FACT N°128SFOT17'!$E$21:$E$22,B16)+COUNTIF('[1]FACT N°131SFOT17'!$E$21:$E$43,B16) -> 0 | F16: 0 | G16: =COUNTIF('[1]FACT N°126SFOT17'!$E$21:$E$39,B16)+COUNTIF('[1]FACT N°125SFOT17'!$E$21:$E$44,B16)+COUNTIF('[1]FACT N°130SFOT17'!$E$21,B16)+COUNTIF('[1]FACT N°129SFOT17'!$E$21:$E$26,B16) -> 8 | H16: =SUM(C16:G16) -> 8 | I16: =(C16*10000)+(D16*2500)+(E16*5000)+(G16*5000)+(F16*5000) -> 40000 | J16: =COUNTIF('[1]FACT N°17SBOT17'!$E$21,B16)+COUNTIF('[1]FACT N°16SBOT17'!$E$21:$E$22,B16)+COUNTIF('[1]FACT N°127SFOT17'!$E$21,B16)+COUNTIF('[1]FACT N°18SBOT17'!$E$21,B16) -> 1 | K16: =IF(B16="LTTR 273 AF",J16*30000,J16*25000) -> 25000 | L16: =K16+I16 -> 65000
B17: LTTR 906 AN | C17: 0 | D17: 0 | E17: =COUNTIF('[1]FACT N°128SFOT17'!$E$21:$E$22,B17)+COUNTIF('[1]FACT N°131SFOT17'!$E$21:$E$43,B17) -> 0 | F17: 0 | G17: =COUNTIF('[1]FACT N°126SFOT17'!$E$21:$E$39,B17)+COUNTIF('[1]FACT N°125SFOT17'!$E$21:$E$44,B17)+COUNTIF('[1]FACT N°130SFOT17'!$E$21,B17)+COUNTIF('[1]FACT N°129SFOT17'!$E$21:$E$26,B17) -> 5 | H17: =SUM(C17:G17) -> 5 | I17: =(C17*10000)+(D17*2500)+(E17*5000)+(G17*5000)+(F17*5000) -> 25000 | J17: =COUNTIF('[1]FACT N°17SBOT17'!$E$21,B17)+COUNTIF('[1]FACT N°16SBOT17'!$E$21:$E$22,B17)+COUNTIF('[1]FACT N°127SFOT17'!$E$21,B17)+COUNTIF('[1]FACT N°18SBOT17'!$E$21,B17) -> 1 | K17: =IF(B17="LTTR 273 AF",J17*30000,J17*25000) -> 25000 | L17: =K17+I17 -> 50000
B18: LTTR 907 AN | C18: 0 | D18: 0 | E18: =COUNTIF('[1]FACT N°128SFOT17'!$E$21:$E$22,B18)+COUNTIF('[1]FACT N°131SFOT17'!$E$21:$E$43,B18) -> 0 | F18: 0 | G18: =COUNTIF('[1]FACT N°126SFOT17'!$E$21:$E$39,B18)+COUNTIF('[1]FACT N°125SFOT17'!$E$21:$E$44,B18)+COUNTIF('[1]FACT N°130SFOT17'!$E$21,B18)+COUNTIF('[1]FACT N°129SFOT17'!$E$21:$E$26,B18) -> 6 | H18: =SUM(C18:G18) -> 6 | I18: =(C18*10000)+(D18*2500)+(E18*5000)+(G18*5000)+(F18*5000) -> 30000 | J18: =COUNTIF('[1]FACT N°17SBOT17'!$E$21,B18)+COUNTIF('[1]FACT N°16SBOT17'!$E$21:$E$22,B18)+COUNTIF('[1]FACT N°127SFOT17'!$E$21,B18)+COUNTIF('[1]FACT N°18SBOT17'!$E$21,B18) -> 1 | K18: =IF(B18="LTTR 273 AF",J18*30000,J18*25000) -> 25000 | L18: =K18+I18 -> 55000
B19: TOTAL | C19: =SUBTOTAL(9,C6:C18) -> 0 | D19: =SUBTOTAL(9,D6:D18) -> 0 | E19: =SUBTOTAL(9,E6:E18) -> 25 | F19: =SUBTOTAL(9,F6:F18) -> 0 | G19: =SUBTOTAL(9,G6:G18) -> 50 | H19: =SUBTOTAL(9,H6:H18) -> 75 | I19: =SUBTOTAL(9,I6:I18) -> 375000 | J19: =SUBTOTAL(9,J6:J18) -> 5 | ... L19: =SUBTOTAL(9,L6:L18) -> 505000
C21: ="RECAP SALAIRES NETS "&G2 -> RECAP SALAIRES NETS OCT. 17
B22: N° | C22: SALAIRE | D22: PRIMES | E22: MOTORBOY | F22: > 50m³ | G22: < 40m³ | H22: Prime Spéciale | I22: Primes nettes | J22: TOTAL
B23: LTTR 483 AH | C23: 200000 | D23: =L6 -> 0 | E23: 50000 | F23: =(COUNTIFS('[1]FACT N°128SFOT17'!$E$21:$E$22,B6,'[1]FACT N°128SFOT17'!$L$21:$L$22,"=S")+COUNTIFS('[1]FACT N°126SFOT17'!$E$21:$E$39,B6,'[1]FACT N°126SFOT17'!$L$21:$L$39,"=S")+COUNTIFS('[1]FACT N°125SFOT17'!$E$21:$E$44,B6,'[1]FACT N°125SFOT17'!$L$21:$L$44,"=S")+COUNTIFS('[1]FACT N°131SFOT17'!$E$21:$E$43,B6,'[1]FACT N°131SFOT17'!$L$21:$L$43,"=S")+COUNTIFS('[1]FACT N°130SFOT17'!$E$21,B6,'[1]FACT N°130SFOT17'!$L$21,"=S")+COUNTIFS('[1]FACT N°129SFOT17'!$E$21:$E$26,B6,'[1]FACT N°129SFOT17'!$L$21:$L$26,"=S"))*2500 -> #VALUE! | G23: =(COUNTIFS('[1]FACT N°128SFOT17'!$E$21:$E$22,B6,'[1]FACT N°128SFOT17'!$L$21:$L$22,"=N")+COUNTIFS('[1]FACT N°126SFOT17'!$E$21:$E$39,B6,'[1]FACT N°126SFOT17'!$L$21:$L$39,"=N")+COUNTIFS('[1]FACT N°125SFOT17'!$E$21:$E$44,B6,'[1]FACT N°125SFOT17'!$L$21:$L$44,"=N")+COUNTIFS('[1]FACT N°131SFOT17'!$E$21:$E$43,B6,'[1]FACT N°131SFOT17'!$L$21:$L$43,"=N")+COUNTIFS('[1]FACT N°130SFOT17'!$E$21,B6,'[1]FACT N°130SFOT17'!$L$21,"=N")+COUNTIFS('[1]FACT N°129SFOT17'!$E$21:$E$26,B6,'[1]FACT N°129SFOT17'!$L$21:$L$26,"=N"))*2500 -> #VALUE! | H23: =IF(J61<7000000,0,IF(AND(J61>=7000000,J61<9000000),25000,IF(AND(J61>=9000000,J61<12000000),50000,IF(J61>=12000000,100000)))) -> 0 | I23: =D23+F23-G23+H23 -> #VALUE! | J23: =C23+E23+I23 -> #VALUE!
B24: LTTR 275 AF | C24: 150000 | D24: =L7 -> 0 | E24: 50000 | F24: =(COUNTIFS('[1]FACT N°128SFOT17'!$E$21:$E$22,B7,'[1]FACT N°128SFOT17'!$L$21:$L$22,"=S")+COUNTIFS('[1]FACT N°126SFOT17'!$E$21:$E$39,B7,'[1]FACT N°126SFOT17'!$L$21:$L$39,"=S")+COUNTIFS('[1]FACT N°125SFOT17'!$E$21:$E$44,B7,'[1]FACT N°125SFOT17'!$L$21:$L$44,"=S")+COUNTIFS('[1]FACT N°131SFOT17'!$E$21:$E$43,B7,'[1]FACT N°131SFOT17'!$L$21:$L$43,"=S")+COUNTIFS('[1]FACT N°130SFOT17'!$E$21,B7,'[1]FACT N°130SFOT17'!$L$21,"=S")+COUNTIFS('[1]FACT N°129SFOT17'!$E$21:$E$26,B7,'[1]FACT N°129SFOT17'!$L$21:$L$26,"=S"))*2500 -> #VALUE! | G24: =(COUNTIFS('[1]FACT N°128SFOT17'!$E$21:$E$22,B7,'[1]FACT N°128SFOT17'!$L$21:$L$22,"=N")+COUNTIFS('[1]FACT N°126SFOT17'!$E$21:$E$39,B7,'[1]FACT N°126SFOT17'!$L$21:$L$39,"=N")+COUNTIFS('[1]FACT N°125SFOT17'!$E$21:$E$44,B7,'[1]FACT N°125SFOT17'!$L$21:$L$44,"=N")+COUNTIFS('[1]FACT N°131SFOT17'!$E$21:$E$43,B7,'[1]FACT N°131SFOT17'!$L$21:$L$43,"=N")+COUNTIFS('[1]FACT N°130SFOT17'!$E$21,B7,'[1]FACT N°130SFOT17'!$L$21,"=N")+COUNTIFS('[1]FACT N°129SFOT17'!$E$21:$E$26,B7,'[1]FACT N°129SFOT17'!$L$21:$L$26,"=N"))*2500 -> #VALUE! | H24: =IF(J62<7000000,0,IF(AND(J62>=7000000,J62<9000000),25000,IF(AND(J62>=9000000,J62<12000000),50000,IF(J62>=12000000,100000)))) -> 0 | I24: =D24+F24-G24+H24 -> #VALUE! | J24: =C24+E24+I24 -> #VALUE!
B25: LTTR 273 AF | C25: 150000 | D25: =L8 -> 30000 | E25: 50000 | F25: =(COUNTIFS('[1]FACT N°128SFOT17'!$E$21:$E$22,B8,'[1]FACT N°128SFOT17'!$L$21:$L$22,"=S")+COUNTIFS('[1]FACT N°126SFOT17'!$E$21:$E$39,B8,'[1]FACT N°126SFOT17'!$L$21:$L$39,"=S")+COUNTIFS('[1]FACT N°125SFOT17'!$E$21:$E$44,B8,'[1]FACT N°125SFOT17'!$L$21:$L$44,"=S")+COUNTIFS('[1]FACT N°131SFOT17'!$E$21:$E$43,B8,'[1]FACT N°131SFOT17'!$L$21:$L$43,"=S")+COUNTIFS('[1]FACT N°130SFOT17'!$E$21,B8,'[1]FACT N°130SFOT17'!$L$21,"=S")+COUNTIFS('[1]FACT N°129SFOT17'!$E$21:$E$26,B8,'[1]FACT N°129SFOT17'!$L$21:$L$26,"=S"))*2500 -> #VALUE! | G25: =(COUNTIFS('[1]FACT N°128SFOT17'!$E$21:$E$22,B8,'[1]FACT N°128SFOT17'!$L$21:$L$22,"=N")+COUNTIFS('[1]FACT N°126SFOT17'!$E$21:$E$39,B8,'[1]FACT N°126SFOT17'!$L$21:$L$39,"=N")+COUNTIFS('[1]FACT N°125SFOT17'!$E$21:$E$44,B8,'[1]FACT N°125SFOT17'!$L$21:$L$44,"=N")+COUNTIFS('[1]FACT N°131SFOT17'!$E$21:$E$43,B8,'[1]FACT N°131SFOT17'!$L$21:$L$43,"=N")+COUNTIFS('[1]FACT N°130SFOT17'!$E$21,B8,'[1]FACT N°130SFOT17'!$L$21,"=N")+COUNTIFS('[1]FACT N°129SFOT17'!$E$21:$E$26,B8,'[1]FACT N°129SFOT17'!$L$21:$L$26,"=N"))*2500 -> #VALUE! | H25: =IF(J63<7000000,0,IF(AND(J63>=7000000,J63<9000000),25000,IF(AND(J63>=9000000,J63<12000000),50000,IF(J63>=12000000,100000)))) -> 0 | I25: =D25+F25-G25+H25 -> #VALUE! | J25: =C25+E25+I25 -> #VALUE!
B26: LTTR 797 AJ | C26: 150000 | D26: =L9 -> 0 | E26: 50000 | F26: =(COUNTIFS('[1]FACT N°128SFOT17'!$E$21:$E$22,B9,'[1]FACT N°128SFOT17'!$L$21:$L$22,"=S")+COUNTIFS('[1]FACT N°126SFOT17'!$E$21:$E$39,B9,'[1]FACT N°126SFOT17'!$L$21:$L$39,"=S")+COUNTIFS('[1]FACT N°125SFOT17'!$E$21:$E$44,B9,'[1]FACT N°125SFOT17'!$L$21:$L$44,"=S")+COUNTIFS('[1]FACT N°131SFOT17'!$E$21:$E$43,B9,'[1]FACT N°131SFOT17'!$L$21:$L$43,"=S")+COUNTIFS('[1]FACT N°130SFOT17'!$E$21,B9,'[1]FACT N°130SFOT17'!$L$21,"=S")+COUNTIFS('[1]FACT N°129SFOT17'!$E$21:$E$26,B9,'[1]FACT N°129SFOT17'!$L$21:$L$26,"=S"))*2500 -> #VALUE! | G26: =(COUNTIFS('[1]FACT N°128SFOT17'!$E$21:$E$22,B9,'[1]FACT N°128SFOT17'!$L$21:$L$22,"=N")+COUNTIFS('[1]FACT N°126SFOT17'!$E$21:$E$39,B9,'[1]FACT N°126SFOT17'!$L$21:$L$39,"=N")+COUNTIFS('[1]FACT N°125SFOT17'!$E$21:$E$44,B9,'[1]FACT N°125SFOT17'!$L$21:$L$44,"=N")+COUNTIFS('[1]FACT N°131SFOT17'!$E$21:$E$43,B9,'[1]FACT N°131SFOT17'!$L$21:$L$43,"=N")+COUNTIFS('[1]FACT N°130SFOT17'!$E$21,B9,'[1]FACT N°130SFOT17'!$L$21,"=N")+COUNTIFS('[1]FACT N°129SFOT17'!$E$21:$E$26,B9,'[1]FACT N°129SFOT17'!$L$21:$L$26,"=N"))*2500 -> #VALUE! | H26: =IF(J64<7000000,0,IF(AND(J64>=7000000,J64<9000000),25000,IF(AND(J64>=9000000,J64<12000000),50000,IF(J64>=12000000,100000)))) -> 0 | I26: =D26+F26-G26+H26 -> #VALUE! | J26: =C26+E26+I26 -> #VALUE!
B27: LTTR 798 AJ | C27: 150000 | D27: =L10 -> 45000 | E27: 50000 | F27: =(COUNTIFS('[1]FACT N°128SFOT17'!$E$21:$E$22,B10,'[1]FACT N°128SFOT17'!$L$21:$L$22,"=S")+COUNTIFS('[1]FACT N°126SFOT17'!$E$21:$E$39,B10,'[1]FACT N°126SFOT17'!$L$21:$L$39,"=S")+COUNTIFS('[1]FACT N°125SFOT17'!$E$21:$E$44,B10,'[1]FACT N°125SFOT17'!$L$21:$L$44,"=S")+COUNTIFS('[1]FACT N°131SFOT17'!$E$21:$E$43,B10,'[1]FACT N°131SFOT17'!$L$21:$L$43,"=S")+COUNTIFS('[1]FACT N°130SFOT17'!$E$21,B10,'[1]FACT N°130SFOT17'!$L$21,"=S")+COUNTIFS('[1]FACT N°129SFOT17'!$E$21:$E$26,B10,'[1]FACT N°129SFOT17'!$L$21:$L$26,"=S"))*2500 -> #VALUE! | G27: =(COUNTIFS('[1]FACT N°128SFOT17'!$E$21:$E$22,B10,'[1]FACT N°128SFOT17'!$L$21:$L$22,"=N")+COUNTIFS('[1]FACT N°126SFOT17'!$E$21:$E$39,B10,'[1]FACT N°126SFOT17'!$L$21:$L$39,"=N")+COUNTIFS('[1]FACT N°125SFOT17'!$E$21:$E$44,B10,'[1]FACT N°125SFOT17'!$L$21:$L$44,"=N")+COUNTIFS('[1]FACT N°131SFOT17'!$E$21:$E$43,B10,'[1]FACT N°131SFOT17'!$L$21:$L$43,"=N")+COUNTIFS('[1]FACT N°130SFOT17'!$E$21,B10,'[1]FACT N°130SFOT17'!$L$21,"=N")+COUNTIFS('[1]FACT N°129SFOT17'!$E$21:$E$26,B10,'[1]FACT N°129SFOT17'!$L$21:$L$26,"=N"))*2500 -> #VALUE! | H27: =IF(J65<7000000,0,IF(AND(J65>=7000000,J65<9000000),25000,IF(AND(J65>=9000000,J65<12000000),50000,IF(J65>=12000000,100000)))) -> 0 | I27: =D27+F27-G27+H27 -> #VALUE! | J27: =C27+E27+I27 -> #VALUE!
B28: LTTR 175 AL | C28: 150000 | D28: =L11 -> 60000 | E28: 50000 | F28: =(COUNTIFS('[1]FACT N°128SFOT17'!$E$21:$E$22,B11,'[1]FACT N°128SFOT17'!$L$21:$L$22,"=S")+COUNTIFS('[1]FACT N°126SFOT17'!$E$21:$E$39,B11,'[1]FACT N°126SFOT17'!$L$21:$L$39,"=S")+COUNTIFS('[1]FACT N°125SFOT17'!$E$21:$E$44,B11,'[1]FACT N°125SFOT17'!$L$21:$L$44,"=S")+COUNTIFS('[1]FACT N°131SFOT17'!$E$21:$E$43,B11,'[1]FACT N°131SFOT17'!$L$21:$L$43,"=S")+COUNTIFS('[1]FACT N°130SFOT17'!$E$21,B11,'[1]FACT N°130SFOT17'!$L$21,"=S")+COUNTIFS('[1]FACT N°129SFOT17'!$E$21:$E$26,B11,'[1]FACT N°129SFOT17'!$L$21:$L$26,"=S"))*2500 -> #VALUE! | G28: =(COUNTIFS('[1]FACT N°128SFOT17'!$E$21:$E$22,B11,'[1]FACT N°128SFOT17'!$L$21:$L$22,"=N")+COUNTIFS('[1]FACT N°126SFOT17'!$E$21:$E$39,B11,'[1]FACT N°126SFOT17'!$L$21:$L$39,"=N")+COUNTIFS('[1]FACT N°125SFOT17'!$E$21:$E$44,B11,'[1]FACT N°125SFOT17'!$L$21:$L$44,"=N")+COUNTIFS('[1]FACT N°131SFOT17'!$E$21:$E$43,B11,'[1]FACT N°131SFOT17'!$L$21:$L$43,"=N")+COUNTIFS('[1]FACT N°130SFOT17'!$E$21,B11,'[1]FACT N°130SFOT17'!$L$21,"=N")+COUNTIFS('[1]FACT N°129SFOT17'!$E$21:$E$26,B11,'[1]FACT N°129SFOT17'!$L$21:$L$26,"=N"))*2500 -> #VALUE! | H28: =IF(J66<7000000,0,IF(AND(J66>=7000000,J66<9000000),25000,IF(AND(J66>=9000000,J66<12000000),50000,IF(J66>=12000000,100000)))) -> 0 | I28: =D28+F28-G28+H28 -> #VALUE! | J28: =C28+E28+I28 -> #VALUE! | N28: PRIME SUPLEMENTAIRE
B29: LTTR 689 AM | C29: 150000 | D29: =L12 -> 55000 | E29: 50000 | F29: =(COUNTIFS('[1]FACT N°128SFOT17'!$E$21:$E$22,B12,'[1]FACT N°128SFOT17'!$L$21:$L$22,"=S")+COUNTIFS('[1]FACT N°126SFOT17'!$E$21:$E$39,B12,'[1]FACT N°126SFOT17'!$L$21:$L$39,"=S")+COUNTIFS('[1]FACT N°125SFOT17'!$E$21:$E$44,B12,'[1]FACT N°125SFOT17'!$L$21:$L$44,"=S")+COUNTIFS('[1]FACT N°131SFOT17'!$E$21:$E$43,B12,'[1]FACT N°131SFOT17'!$L$21:$L$43,"=S")+COUNTIFS('[1]FACT N°130SFOT17'!$E$21,B12,'[1]FACT N°130SFOT17'!$L$21,"=S")+COUNTIFS('[1]FACT N°129SFOT17'!$E$21:$E$26,B12,'[1]FACT N°129SFOT17'!$L$21:$L$26,"=S"))*2500 -> #VALUE! | G29: =(COUNTIFS('[1]FACT N°128SFOT17'!$E$21:$E$22,B12,'[1]FACT N°128SFOT17'!$L$21:$L$22,"=N")+COUNTIFS('[1]FACT N°126SFOT17'!$E$21:$E$39,B12,'[1]FACT N°126SFOT17'!$L$21:$L$39,"=N")+COUNTIFS('[1]FACT N°125SFOT17'!$E$21:$E$44,B12,'[1]FACT N°125SFOT17'!$L$21:$L$44,"=N")+COUNTIFS('[1]FACT N°131SFOT17'!$E$21:$E$43,B12,'[1]FACT N°131SFOT17'!$L$21:$L$43,"=N")+COUNTIFS('[1]FACT N°130SFOT17'!$E$21,B12,'[1]FACT N°130SFOT17'!$L$21,"=N")+COUNTIFS('[1]FACT N°129SFOT17'!$E$21:$E$26,B12,'[1]FACT N°129SFOT17'!$L$21:$L$26,"=N"))*2500 -> #VALUE! | H29: =IF(J67<7000000,0,IF(AND(J67>=7000000,J67<9000000),25000,IF(AND(J67>=9000000,J67<12000000),50000,IF(J67>=12000000,100000)))) -> 0 | I29: =D29+F29-G29+H29 -> #VALUE! | J29: =C29+E29+I29 -> #VALUE!
B30: LTTR 690 AM | C30: 150000 | D30: =L13 -> 50000 | E30: 50000 | F30: =(COUNTIFS('[1]FACT N°128SFOT17'!$E$21:$E$22,B13,'[1]FACT N°128SFOT17'!$L$21:$L$22,"=S")+COUNTIFS('[1]FACT N°126SFOT17'!$E$21:$E$39,B13,'[1]FACT N°126SFOT17'!$L$21:$L$39,"=S")+COUNTIFS('[1]FACT N°125SFOT17'!$E$21:$E$44,B13,'[1]FACT N°125SFOT17'!$L$21:$L$44,"=S")+COUNTIFS('[1]FACT N°131SFOT17'!$E$21:$E$43,B13,'[1]FACT N°131SFOT17'!$L$21:$L$43,"=S")+COUNTIFS('[1]FACT N°130SFOT17'!$E$21,B13,'[1]FACT N°130SFOT17'!$L$21,"=S")+COUNTIFS('[1]FACT N°129SFOT17'!$E$21:$E$26,B13,'[1]FACT N°129SFOT17'!$L$21:$L$26,"=S"))*2500 -> #VALUE! | G30: =(COUNTIFS('[1]FACT N°128SFOT17'!$E$21:$E$22,B13,'[1]FACT N°128SFOT17'!$L$21:$L$22,"=N")+COUNTIFS('[1]FACT N°126SFOT17'!$E$21:$E$39,B13,'[1]FACT N°126SFOT17'!$L$21:$L$39,"=N")+COUNTIFS('[1]FACT N°125SFOT17'!$E$21:$E$44,B13,'[1]FACT N°125SFOT17'!$L$21:$L$44,"=N")+COUNTIFS('[1]FACT N°131SFOT17'!$E$21:$E$43,B13,'[1]FACT N°131SFOT17'!$L$21:$L$43,"=N")+COUNTIFS('[1]FACT N°130SFOT17'!$E$21,B13,'[1]FACT N°130SFOT17'!$L$21,"=N")+COUNTIFS('[1]FACT N°129SFOT17'!$E$21:$E$26,B13,'[1]FACT N°129SFOT17'!$L$21:$L$26,"=N"))*2500 -> #VALUE! | H30: =IF(J68<7000000,0,IF(AND(J68>=7000000,J68<9000000),25000,IF(AND(J68>=9000000,J68<12000000),50000,IF(J68>=12000000,100000)))) -> 0 | I30: =D30+F30-G30+H30 -> #VALUE! | J30: =C30+E30+I30 -> #VALUE!
B31: LTTR 691 AM | C31: 150000 | D31: =L14 -> 50000 | E31: 50000 | F31: =(COUNTIFS('[1]FACT N°128SFOT17'!$E$21:$E$22,B14,'[1]FACT N°128SFOT17'!$L$21:$L$22,"=S")+COUNTIFS('[1]FACT N°126SFOT17'!$E$21:$E$39,B14,'[1]FACT N°126SFOT17'!$L$21:$L$39,"=S")+COUNTIFS('[1]FACT N°125SFOT17'!$E$21:$E$44,B14,'[1]FACT N°125SFOT17'!$L$21:$L$44,"=S")+COUNTIFS('[1]FACT N°131SFOT17'!$E$21:$E$43,B14,'[1]FACT N°131SFOT17'!$L$21:$L$43,"=S")+COUNTIFS('[1]FACT N°130SFOT17'!$E$21,B14,'[1]FACT N°130SFOT17'!$L$21,"=S")+COUNTIFS('[1]FACT N°129SFOT17'!$E$21:$E$26,B14,'[1]FACT N°129SFOT17'!$L$21:$L$26,"=S"))*2500 -> #VALUE! | G31: =(COUNTIFS('[1]FACT N°128SFOT17'!$E$21:$E$22,B14,'[1]FACT N°128SFOT17'!$L$21:$L$22,"=N")+COUNTIFS('[1]FACT N°126SFOT17'!$E$21:$E$39,B14,'[1]FACT N°126SFOT17'!$L$21:$L$39,"=N")+COUNTIFS('[1]FACT N°125SFOT17'!$E$21:$E$44,B14,'[1]FACT N°125SFOT17'!$L$21:$L$44,"=N")+COUNTIFS('[1]FACT N°131SFOT17'!$E$21:$E$43,B14,'[1]FACT N°131SFOT17'!$L$21:$L$43,"=N")+COUNTIFS('[1]FACT N°130SFOT17'!$E$21,B14,'[1]FACT N°130SFOT17'!$L$21,"=N")+COUNTIFS('[1]FACT N°129SFOT17'!$E$21:$E$26,B14,'[1]FACT N°129SFOT17'!$L$21:$L$26,"=N"))*2500 -> #VALUE! | H31: =IF(J69<7000000,0,IF(AND(J69>=7000000,J69<9000000),25000,IF(AND(J69>=9000000,J69<12000000),50000,IF(J69>=12000000,100000)))) -> 0 | I31: =D31+F31-G31+H31 -> #VALUE! | J31: =C31+E31+I31 -> #VALUE!
B32: LTTR 917 AM | C32: 150000 | D32: =L15 -> 45000 | E32: 50000 | F32: =(COUNTIFS('[1]FACT N°128SFOT17'!$E$21:$E$22,B15,'[1]FACT N°128SFOT17'!$L$21:$L$22,"=S")+COUNTIFS('[1]FACT N°126SFOT17'!$E$21:$E$39,B15,'[1]FACT N°126SFOT17'!$L$21:$L$39,"=S")+COUNTIFS('[1]FACT N°125SFOT17'!$E$21:$E$44,B15,'[1]FACT N°125SFOT17'!$L$21:$L$44,"=S")+COUNTIFS('[1]FACT N°131SFOT17'!$E$21:$E$43,B15,'[1]FACT N°131SFOT17'!$L$21:$L$43,"=S")+COUNTIFS('[1]FACT N°130SFOT17'!$E$21,B15,'[1]FACT N°130SFOT17'!$L$21,"=S")+COUNTIFS('[1]FACT N°129SFOT17'!$E$21:$E$26,B15,'[1]FACT N°129SFOT17'!$L$21:$L$26,"=S"))*2500 -> #VALUE! | G32: =(COUNTIFS('[1]FACT N°128SFOT17'!$E$21:$E$22,B15,'[1]FACT N°128SFOT17'!$L$21:$L$22,"=N")+COUNTIFS('[1]FACT N°126SFOT17'!$E$21:$E$39,B15,'[1]FACT N°126SFOT17'!$L$21:$L$39,"=N")+COUNTIFS('[1]FACT N°125SFOT17'!$E$21:$E$44,B15,'[1]FACT N°125SFOT17'!$L$21:$L$44,"=N")+COUNTIFS('[1]FACT N°131SFOT17'!$E$21:$E$43,B15,'[1]FACT N°131SFOT17'!$L$21:$L$43,"=N")+COUNTIFS('[1]FACT N°130SFOT17'!$E$21,B15,'[1]FACT N°130SFOT17'!$L$21,"=N")+COUNTIFS('[1]FACT N°129SFOT17'!$E$21:$E$26,B15,'[1]FACT N°129SFOT17'!$L$21:$L$26,"=N"))*2500 -> #VALUE! | H32: =IF(J70<7000000,0,IF(AND(J70>=7000000,J70<9000000),25000,IF(AND(J70>=9000000,J70<12000000),50000,IF(J70>=12000000,100000)))) -> 0 | I32: =D32+F32-G32+H32 -> #VALUE! | J32: =C32+E32+I32 -> #VALUE!
B33: LTTR 905 AN | C33: 150000 | D33: =L16 -> 65000 | E33: 50000 | F33: =(COUNTIFS('[1]FACT N°128SFOT17'!$E$21:$E$22,B16,'[1]FACT N°128SFOT17'!$L$21:$L$22,"=S")+COUNTIFS('[1]FACT N°126SFOT17'!$E$21:$E$39,B16,'[1]FACT N°126SFOT17'!$L$21:$L$39,"=S")+COUNTIFS('[1]FACT N°125SFOT17'!$E$21:$E$44,B16,'[1]FACT N°125SFOT17'!$L$21:$L$44,"=S")+COUNTIFS('[1]FACT N°131SFOT17'!$E$21:$E$43,B16,'[1]FACT N°131SFOT17'!$L$21:$L$43,"=S")+COUNTIFS('[1]FACT N°130SFOT17'!$E$21,B16,'[1]FACT N°130SFOT17'!$L$21,"=S")+COUNTIFS('[1]FACT N°129SFOT17'!$E$21:$E$26,B16,'[1]FACT N°129SFOT17'!$L$21:$L$26,"=S"))*2500 -> #VALUE! | G33: =(COUNTIFS('[1]FACT N°128SFOT17'!$E$21:$E$22,B16,'[1]FACT N°128SFOT17'!$L$21:$L$22,"=N")+COUNTIFS('[1]FACT N°126SFOT17'!$E$21:$E$39,B16,'[1]FACT N°126SFOT17'!$L$21:$L$39,"=N")+COUNTIFS('[1]FACT N°125SFOT17'!$E$21:$E$44,B16,'[1]FACT N°125SFOT17'!$L$21:$L$44,"=N")+COUNTIFS('[1]FACT N°131SFOT17'!$E$21:$E$43,B16,'[1]FACT N°131SFOT17'!$L$21:$L$43,"=N")+COUNTIFS('[1]FACT N°130SFOT17'!$E$21,B16,'[1]FACT N°130SFOT17'!$L$21,"=N")+COUNTIFS('[1]FACT N°129SFOT17'!$E$21:$E$26,B16,'[1]FACT N°129SFOT17'!$L$21:$L$26,"=N"))*2500 -> #VALUE! | H33: =IF(J71<7000000,0,IF(AND(J71>=7000000,J71<9000000),25000,IF(AND(J71>=9000000,J71<12000000),50000,IF(J71>=12000000,100000)))) -> 0 | I33: =D33+F33-G33+H33 -> #VALUE! | J33: =C33+E33+I33 -> #VALUE!
B34: LTTR 906 AN | C34: 150000 | D34: =L17 -> 50000 | E34: 50000 | F34: =(COUNTIFS('[1]FACT N°128SFOT17'!$E$21:$E$22,B17,'[1]FACT N°128SFOT17'!$L$21:$L$22,"=S")+COUNTIFS('[1]FACT N°126SFOT17'!$E$21:$E$39,B17,'[1]FACT N°126SFOT17'!$L$21:$L$39,"=S")+COUNTIFS('[1]FACT N°125SFOT17'!$E$21:$E$44,B17,'[1]FACT N°125SFOT17'!$L$21:$L$44,"=S")+COUNTIFS('[1]FACT N°131SFOT17'!$E$21:$E$43,B17,'[1]FACT N°131SFOT17'!$L$21:$L$43,"=S")+COUNTIFS('[1]FACT N°130SFOT17'!$E$21,B17,'[1]FACT N°130SFOT17'!$L$21,"=S")+COUNTIFS('[1]FACT N°129SFOT17'!$E$21:$E$26,B17,'[1]FACT N°129SFOT17'!$L$21:$L$26,"=S"))*2500 -> #VALUE! | G34: =(COUNTIFS('[1]FACT N°128SFOT17'!$E$21:$E$22,B17,'[1]FACT N°128SFOT17'!$L$21:$L$22,"=N")+COUNTIFS('[1]FACT N°126SFOT17'!$E$21:$E$39,B17,'[1]FACT N°126SFOT17'!$L$21:$L$39,"=N")+COUNTIFS('[1]FACT N°125SFOT17'!$E$21:$E$44,B17,'[1]FACT N°125SFOT17'!$L$21:$L$44,"=N")+COUNTIFS('[1]FACT N°131SFOT17'!$E$21:$E$43,B17,'[1]FACT N°131SFOT17'!$L$21:$L$43,"=N")+COUNTIFS('[1]FACT N°130SFOT17'!$E$21,B17,'[1]FACT N°130SFOT17'!$L$21,"=N")+COUNTIFS('[1]FACT N°129SFOT17'!$E$21:$E$26,B17,'[1]FACT N°129SFOT17'!$L$21:$L$26,"=N"))*2500 -> #VALUE! | H34: =IF(J72<7000000,0,IF(AND(J72>=7000000,J72<9000000),25000,IF(AND(J72>=9000000,J72<12000000),50000,IF(J72>=12000000,100000)))) -> 0 | I34: =D34+F34-G34+H34 -> #VALUE! | J34: =C34+E34+I34 -> #VALUE!
B35: LTTR 907 AN | C35: 150000 | D35: =L18 -> 55000 | E35: 50000 | F35: =(COUNTIFS('[1]FACT N°128SFOT17'!$E$21:$E$22,B18,'[1]FACT N°128SFOT17'!$L$21:$L$22,"=S")+COUNTIFS('[1]FACT N°126SFOT17'!$E$21:$E$39,B18,'[1]FACT N°126SFOT17'!$L$21:$L$39,"=S")+COUNTIFS('[1]FACT N°125SFOT17'!$E$21:$E$44,B18,'[1]FACT N°125SFOT17'!$L$21:$L$44,"=S")+COUNTIFS('[1]FACT N°131SFOT17'!$E$21:$E$43,B18,'[1]FACT N°131SFOT17'!$L$21:$L$43,"=S")+COUNTIFS('[1]FACT N°130SFOT17'!$E$21,B18,'[1]FACT N°130SFOT17'!$L$21,"=S")+COUNTIFS('[1]FACT N°129SFOT17'!$E$21:$E$26,B18,'[1]FACT N°129SFOT17'!$L$21:$L$26,"=S"))*2500 -> #VALUE! | G35: =(COUNTIFS('[1]FACT N°128SFOT17'!$E$21:$E$22,B18,'[1]FACT N°128SFOT17'!$L$21:$L$22,"=N")+COUNTIFS('[1]FACT N°126SFOT17'!$E$21:$E$39,B18,'[1]FACT N°126SFOT17'!$L$21:$L$39,"=N")+COUNTIFS('[1]FACT N°125SFOT17'!$E$21:$E$44,B18,'[1]FACT N°125SFOT17'!$L$21:$L$44,"=N")+COUNTIFS('[1]FACT N°131SFOT17'!$E$21:$E$43,B18,'[1]FACT N°131SFOT17'!$L$21:$L$43,"=N")+COUNTIFS('[1]FACT N°130SFOT17'!$E$21,B18,'[1]FACT N°130SFOT17'!$L$21,"=N")+COUNTIFS('[1]FACT N°129SFOT17'!$E$21:$E$26,B18,'[1]FACT N°129SFOT17'!$L$21:$L$26,"=N"))*2500 -> #VALUE! | H35: =IF(J73<7000000,0,IF(AND(J73>=7000000,J73<9000000),25000,IF(AND(J73>=9000000,J73<12000000),50000,IF(J73>=12000000,100000)))) -> 0 | I35: =D35+F35-G35+H35 -> #VALUE! | J35: =C35+E35+I35 -> #VALUE!
B36: Total | C36: =SUM(C23:C35) -> 2000000 | D36: =SUM(D23:D35) -> 505000 | E36: =SUM(E23:E35) -> 650000 | F36: =SUM(F23:F35) -> #VALUE! | G36: =-SUM(G23:G35) -> #VALUE! | H36: =SUM(H23:H35) -> 0 | I36: =SUM(I23:I35) -> #VALUE! | J36: =SUM(J23:J35) -> #VALUE!
E38: ="Prévisions Gasoil Navettes + MRS Bertoua "&G2 -> Prévisions Gasoil Navettes + MRS Bertoua OCT. 17
B40: N° | C40: ="NOMBRE DE "&C4 -> NOMBRE DE NAVETTES | H40: MRS BERTOUA | I40: Gasoil Navettes | J40: =+L4 -> TOTAL
C41: =C5 -> 10064 | D41: =D5 -> 10012 | E41: =E5 -> 10009 | F41: =F5 -> 10008 | G41: =G5 -> 10010
B42: LTTR 483 AH | C42: =C6 -> 0 | D42: =D6 -> 0 | E42: =E6 -> 0 | F42: =F6 -> 0 | G42: =G6 -> 0 | H42: 0 | I42: =J42-H42 -> 0 | J42: =(C42*330*677.76)+(D42*42*677.76)+(E42*98*677.76)+(F42*145*677.76)+(G42*95*677.76)+H42 -> 0
B43: LTTR 275 AF | C43: =C7 -> 0 | D43: =D7 -> 0 | E43: =E7 -> 0 | F43: =F7 -> 0 | G43: =G7 -> 0 | H43: 0 | I43: =J43-H43 -> 0 | J43: =(C43*330*677.76)+(D43*42*677.76)+(E43*98*677.76)+(F43*145*677.76)+(G43*95*677.76)+H43 -> 0
B44: LTTR 273 AF | C44: =C8 -> 0 | D44: =D8 -> 0 | E44: =E8 -> 0 | F44: =F8 -> 0 | G44: =G8 -> 0 | H44: =1168000+17520 -> 1185520 | I44: =J44-H44 -> 0 | J44: =(C44*330*677.76)+(D44*42*677.76)+(E44*98*677.76)+(F44*145*677.76)+(G44*95*677.76)+H44 -> 1185520
B45: LTTR 797 AJ | C45: =C9 -> 0 | D45: =D9 -> 0 | E45: =E9 -> 0 | F45: =F9 -> 0 | G45: =G9 -> 0 | H45: 584000 | I45: =J45-H45 -> 0 | J45: =(C45*330*677.76)+(D45*42*677.76)+(E45*98*677.76)+(F45*145*677.76)+(G45*95*677.76)+H45 -> 584000
B46: LTTR 798 AJ | C46: =C10 -> 0 | D46: =D10 -> 0 | E46: =E10 -> 3 | F46: =F10 -> 0 | G46: =G10 -> 6 | H46: 0 | I46: =J46-H46 -> 585584.64 | J46: =(C46*330*677.76)+(D46*42*677.76)+(E46*98*677.76)+(F46*145*677.76)+(G46*95*677.76)+H46 -> 585584.64
B47: LTTR 175 AL | C47: =C11 -> 0 | D47: =D11 -> 0 | E47: =E11 -> 0 | F47: =F11 -> 0 | G47: =G11 -> 7 | H47: 0 | I47: =J47-H47 -> 450710.4 | J47: =(C47*330*677.76)+(D47*42*677.76)+(E47*98*677.76)+(F47*145*677.76)+(G47*95*677.76)+H47 -> 450710.4
B48: LTTR 689 AM | C48: =C12 -> 0 | D48: =D12 -> 0 | E48: =E12 -> 8 | F48: =F12 -> 0 | G48: =G12 -> 3 | H48: 0 | I48: =J48-H48 -> 724525.44 | J48: =(C48*330*677.76)+(D48*42*677.76)+(E48*98*677.76)+(F48*145*677.76)+(G48*95*677.76)+H48 -> 724525.44
B49: LTTR 690 AM | C49: =C13 -> 0 | D49: =D13 -> 0 | E49: =E13 -> 6 | F49: =F13 -> 0 | G49: =G13 -> 4 | H49: 0 | I49: =J49-H49 -> 656071.68 | J49: =(C49*330*677.76)+(D49*42*677.76)+(E49*98*677.76)+(F49*145*677.76)+(G49*95*677.76)+H49 -> 656071.68
B50: LTTR 691 AM | C50: =C14 -> 0 | D50: =D14 -> 0 | E50: =E14 -> 2 | F50: =F14 -> 0 | G50: =G14 -> 8 | H50: 0 | I50: =J50-H50 -> 647938.56 | J50: =(C50*330*677.76)+(D50*42*677.76)+(E50*98*677.76)+(F50*145*677.76)+(G50*95*677.76)+H50 -> 647938.56
B51: LTTR 917 AM | C51: =C15 -> 0 | D51: =D15 -> 0 | E51: =E15 -> 6 | F51: =F15 -> 0 | G51: =G15 -> 3 | H51: 0 | I51: =J51-H51 -> 591684.48 | J51: =(C51*330*677.76)+(D51*42*677.76)+(E51*98*677.76)+(F51*145*677.76)+(G51*95*677.76)+H51 -> 591684.48
B52: LTTR 905 AN | C52: =C16 -> 0 | D52: =D16 -> 0 | E52: =E16 -> 0 | F52: =F16 -> 0 | G52: =G16 -> 8 | H52: =58400+584000 -> 642400 | I52: =J52-H52 -> 515097.6 | J52: =(C52*330*677.76)+(D52*42*677.76)+(E52*98*677.76)+(F52*145*677.76)+(G52*95*677.76)+H52 -> 1157497.6
B53: LTTR 906 AN | C53: =C17 -> 0 | D53: =D17 -> 0 | E53: =E17 -> 0 | F53: =F17 -> 0 | G53: =G17 -> 5 | H53: 642400 | I53: =J53-H53 -> 321936 | J53: =(C53*330*677.76)+(D53*42*677.76)+(E53*98*677.76)+(F53*145*677.76)+(G53*95*677.76)+H53 -> 964336
B54: LTTR 907 AN | C54: =C18 -> 0 | D54: =D18 -> 0 | E54: =E18 -> 0 | F54: =F18 -> 0 | G54: =G18 -> 6 | H54: 642400 | I54: =J54-H54 -> 386323.2 | J54: =(C54*330*677.76)+(D54*42*677.76)+(E54*98*677.76)+(F54*145*677.76)+(G54*95*677.76)+H54 -> 1028723.2
B55: TOTAL | C55: =SUM(C42:C54) -> 0 | D55: =SUM(D42:D54) -> 0 | E55: =SUM(E42:E54) -> 25 | F55: =SUM(F42:F54) -> 0 | G55: =SUM(G42:G54) -> 50 | H55: =SUM(H42:H54) -> 3696720 | I55: =SUM(I42:I54) -> 4879872 | J55: =SUM(J42:J54) -> 8576592
C57: ="CHIFFRE D'AFFAIRES CLOBAL "&G2 -> CHIFFRE D'AFFAIRES CLOBAL OCT. 17
B59: N° | C59: NAVETTES | H59: Total Nvettes | I59: Export | J59: Total Chiffre d'Affaires
C60: 10064 | D60: 10012 | E60: 10009 | F60: 10008 | G60: 10010
B61: LTTR 483 AH | C61: 0 | D61: 0 | E61: =SUMIF('[1]FACT N°128SFOT17'!$E$21:$E$22,B6,'[1]FACT N°128SFOT17'!$I$21:$I$22)+SUMIF('[1]FACT N°131SFOT17'!$E$21:$E$43,B6,'[1]FACT N°131SFOT17'!$I$21:$I$43) -> 0 | F61: 0 | G61: =SUMIF('[1]FACT N°126SFOT17'!$E$21:$E$39,B6,'[1]FACT N°126SFOT17'!$I$21:$I$39)+SUMIF('[1]FACT N°125SFOT17'!$E$21:$E$44,B6,'[1]FACT N°125SFOT17'!$I$21:$I$44)+SUMIF('[1]FACT N°130SFOT17'!$E$21,B6,'[1]FACT N°130SFOT17'!$I$21)+SUMIF('[1]FACT N°129SFOT17'!$E$21:$E$26,B6,'[1]FACT N°129SFOT17'!$I$21:$I$26) -> 0 | H61: =SUM(C61:G61) -> 0 | I61: =SUMIF('[1]FACT N°17SBOT17'!$E$21,B6,'[1]FACT N°17SBOT17'!$H$21)+SUMIF('[1]FACT N°16SBOT17'!$E$21:$E$22,B6,'[1]FACT N°16SBOT17'!$H$21:$H$22)+SUMIF('[1]FACT N°127SFOT17'!$E$21,B6,'[1]FACT N°127SFOT17'!$H$21)+SUMIF('[1]FACT N°18SBOT17'!$E$21,B6,'[1]FACT N°18SBOT17'!$H$21) -> 0 | J61: =SUM(H61+I61) -> 0
B62: LTTR 275 AF | C62: 0 | D62: 0 | E62: =SUMIF('[1]FACT N°128SFOT17'!$E$21:$E$22,B7,'[1]FACT N°128SFOT17'!$I$21:$I$22)+SUMIF('[1]FACT N°131SFOT17'!$E$21:$E$43,B7,'[1]FACT N°131SFOT17'!$I$21:$I$43) -> 0 | F62: 0 | G62: =SUMIF('[1]FACT N°126SFOT17'!$E$21:$E$39,B7,'[1]FACT N°126SFOT17'!$I$21:$I$39)+SUMIF('[1]FACT N°125SFOT17'!$E$21:$E$44,B7,'[1]FACT N°125SFOT17'!$I$21:$I$44)+SUMIF('[1]FACT N°130SFOT17'!$E$21,B7,'[1]FACT N°130SFOT17'!$I$21)+SUMIF('[1]FACT N°129SFOT17'!$E$21:$E$26,B7,'[1]FACT N°129SFOT17'!$I$21:$I$26) -> 0 | H62: =SUM(C62:G62) -> 0 | I62: =SUMIF('[1]FACT N°17SBOT17'!$E$21,B7,'[1]FACT N°17SBOT17'!$H$21)+SUMIF('[1]FACT N°16SBOT17'!$E$21:$E$22,B7,'[1]FACT N°16SBOT17'!$H$21:$H$22)+SUMIF('[1]FACT N°127SFOT17'!$E$21,B7,'[1]FACT N°127SFOT17'!$H$21)+SUMIF('[1]FACT N°18SBOT17'!$E$21,B7,'[1]FACT N°18SBOT17'!$H$21) -> 0 | J62: =I62+H62 -> 0
B63: LTTR 273 AF | C63: 0 | D63: 0 | E63: =SUMIF('[1]FACT N°128SFOT17'!$E$21:$E$22,B8,'[1]FACT N°128SFOT17'!$I$21:$I$22)+SUMIF('[1]FACT N°131SFOT17'!$E$21:$E$43,B8,'[1]FACT N°131SFOT17'!$I$21:$I$43) -> 0 | F63: 0 | G63: =SUMIF('[1]FACT N°126SFOT17'!$E$21:$E$39,B8,'[1]FACT N°126SFOT17'!$I$21:$I$39)+SUMIF('[1]FACT N°125SFOT17'!$E$21:$E$44,B8,'[1]FACT N°125SFOT17'!$I$21:$I$44)+SUMIF('[1]FACT N°130SFOT17'!$E$21,B8,'[1]FACT N°130SFOT17'!$I$21)+SUMIF('[1]FACT N°129SFOT17'!$E$21:$E$26,B8,'[1]FACT N°129SFOT17'!$I$21:$I$26) -> 0 | H63: =SUM(C63:G63) -> 0 | I63: =SUMIF('[1]FACT N°17SBOT17'!$E$21,B8,'[1]FACT N°17SBOT17'!$H$21)+SUMIF('[1]FACT N°16SBOT17'!$E$21:$E$22,B8,'[1]FACT N°16SBOT17'!$H$21:$H$22)+SUMIF('[1]FACT N°127SFOT17'!$E$21,B8,'[1]FACT N°127SFOT17'!$H$21)+SUMIF('[1]FACT N°18SBOT17'!$E$21,B8,'[1]FACT N°18SBOT17'!$H$21)+500000 -> 2650000 | J63: =I63+H63 -> 2650000
B64: LTTR 797 AJ | C64: 0 | D64: 0 | E64: =SUMIF('[1]FACT N°128SFOT17'!$E$21:$E$22,B9,'[1]FACT N°128SFOT17'!$I$21:$I$22)+SUMIF('[1]FACT N°131SFOT17'!$E$21:$E$43,B9,'[1]FACT N°131SFOT17'!$I$21:$I$43) -> 0 | F64: 0 | G64: =SUMIF('[1]FACT N°126SFOT17'!$E$21:$E$39,B9,'[1]FACT N°126SFOT17'!$I$21:$I$39)+SUMIF('[1]FACT N°125SFOT17'!$E$21:$E$44,B9,'[1]FACT N°125SFOT17'!$I$21:$I$44)+SUMIF('[1]FACT N°130SFOT17'!$E$21,B9,'[1]FACT N°130SFOT17'!$I$21)+SUMIF('[1]FACT N°129SFOT17'!$E$21:$E$26,B9,'[1]FACT N°129SFOT17'!$I$21:$I$26) -> 0 | H64: =SUM(C64:G64) -> 0 | I64: =SUMIF('[1]FACT N°17SBOT17'!$E$21,B9,'[1]FACT N°17SBOT17'!$H$21)+SUMIF('[1]FACT N°16SBOT17'!$E$21:$E$22,B9,'[1]FACT N°16SBOT17'!$H$21:$H$22)+SUMIF('[1]FACT N°127SFOT17'!$E$21,B9,'[1]FACT N°127SFOT17'!$H$21)+SUMIF('[1]FACT N°18SBOT17'!$E$21,B9,'[1]FACT N°18SBOT17'!$H$21) -> 0 | J64: =I64+H64 -> 0
B65: LTTR 798 AJ | C65: 0 | D65: 0 | E65: =SUMIF('[1]FACT N°128SFOT17'!$E$21:$E$22,B10,'[1]FACT N°128SFOT17'!$I$21:$I$22)+SUMIF('[1]FACT N°131SFOT17'!$E$21:$E$43,B10,'[1]FACT N°131SFOT17'!$I$21:$I$43) -> 681855.04 | F65: 0 | G65: =SUMIF('[1]FACT N°126SFOT17'!$E$21:$E$39,B10,'[1]FACT N°126SFOT17'!$I$21:$I$39)+SUMIF('[1]FACT N°125SFOT17'!$E$21:$E$44,B10,'[1]FACT N°125SFOT17'!$I$21:$I$44)+SUMIF('[1]FACT N°130SFOT17'!$E$21,B10,'[1]FACT N°130SFOT17'!$I$21)+SUMIF('[1]FACT N°129SFOT17'!$E$21:$E$26,B10,'[1]FACT N°129SFOT17'!$I$21:$I$26) -> 1570105.1 | H65: =SUM(C65:G65) -> 2251960.2 | I65: =SUMIF('[1]FACT N°17SBOT17'!$E$21,B10,'[1]FACT N°17SBOT17'!$H$21)+SUMIF('[1]FACT N°16SBOT17'!$E$21:$E$22,B10,'[1]FACT N°16SBOT17'!$H$21:$H$22)+SUMIF('[1]FACT N°127SFOT17'!$E$21,B10,'[1]FACT N°127SFOT17'!$H$21)+SUMIF('[1]FACT N°18SBOT17'!$E$21,B10,'[1]FACT N°18SBOT17'!$H$21) -> 0 | J65: =I65+H65 -> 2251960.2
B66: LTTR 175 AL | C66: 0 | D66: 0 | E66: =SUMIF('[1]FACT N°128SFOT17'!$E$21:$E$22,B11,'[1]FACT N°128SFOT17'!$I$21:$I$22)+SUMIF('[1]FACT N°131SFOT17'!$E$21:$E$43,B11,'[1]FACT N°131SFOT17'!$I$21:$I$43) -> 0 | F66: 0 | G66: =SUMIF('[1]FACT N°126SFOT17'!$E$21:$E$39,B11,'[1]FACT N°126SFOT17'!$I$21:$I$39)+SUMIF('[1]FACT N°125SFOT17'!$E$21:$E$44,B11,'[1]FACT N°125SFOT17'!$I$21:$I$44)+SUMIF('[1]FACT N°130SFOT17'!$E$21,B11,'[1]FACT N°130SFOT17'!$I$21)+SUMIF('[1]FACT N°129SFOT17'!$E$21:$E$26,B11,'[1]FACT N°129SFOT17'!$I$21:$I$26) -> 1685754 | H66: =SUM(C66:G66) -> 1685754 | I66: =SUMIF('[1]FACT N°17SBOT17'!$E$21,B11,'[1]FACT N°17SBOT17'!$H$21)+SUMIF('[1]FACT N°16SBOT17'!$E$21:$E$22,B11,'[1]FACT N°16SBOT17'!$H$21:$H$22)+SUMIF('[1]FACT N°127SFOT17'!$E$21,B11,'[1]FACT N°127SFOT17'!$H$21)+SUMIF('[1]FACT N°18SBOT17'!$E$21,B11,'[1]FACT N°18SBOT17'!$H$21) -> 2150000 | J66: =I66+H66 -> 3835754 | N66: CHIFFRE DAFFAIRE AVEC UNE FONCTION SOMME.SI
B67: LTTR 689 AM | C67: 0 | D67: 0 | E67: =SUMIF('[1]FACT N°128SFOT17'!$E$21:$E$22,B12,'[1]FACT N°128SFOT17'!$I$21:$I$22)+SUMIF('[1]FACT N°131SFOT17'!$E$21:$E$43,B12,'[1]FACT N°131SFOT17'!$I$21:$I$43) -> 1879130 | F67: 0 | G67: =SUMIF('[1]FACT N°126SFOT17'!$E$21:$E$39,B12,'[1]FACT N°126SFOT17'!$I$21:$I$39)+SUMIF('[1]FACT N°125SFOT17'!$E$21:$E$44,B12,'[1]FACT N°125SFOT17'!$I$21:$I$44)+SUMIF('[1]FACT N°130SFOT17'!$E$21,B12,'[1]FACT N°130SFOT17'!$I$21)+SUMIF('[1]FACT N°129SFOT17'!$E$21:$E$26,B12,'[1]FACT N°129SFOT17'!$I$21:$I$26) -> 708970.12 | H67: =SUM(C67:G67) -> 2588100.1 | I67: =SUMIF('[1]FACT N°17SBOT17'!$E$21,B12,'[1]FACT N°17SBOT17'!$H$21)+SUMIF('[1]FACT N°16SBOT17'!$E$21:$E$22,B12,'[1]FACT N°16SBOT17'!$H$21:$H$22)+SUMIF('[1]FACT N°127SFOT17'!$E$21,B12,'[1]FACT N°127SFOT17'!$H$21)+SUMIF('[1]FACT N°18SBOT17'!$E$21,B12,'[1]FACT N°18SBOT17'!$H$21) -> 0 | J67: =I67+H67 -> 2588100.1
B68: LTTR 690 AM | C68: 0 | D68: 0 | E68: =SUMIF('[1]FACT N°128SFOT17'!$E$21:$E$22,B13,'[1]FACT N°128SFOT17'!$I$21:$I$22)+SUMIF('[1]FACT N°131SFOT17'!$E$21:$E$43,B13,'[1]FACT N°131SFOT17'!$I$21:$I$43) -> 1343526.3 | F68: 0 | G68: =SUMIF('[1]FACT N°126SFOT17'!$E$21:$E$39,B13,'[1]FACT N°126SFOT17'!$I$21:$I$39)+SUMIF('[1]FACT N°125SFOT17'!$E$21:$E$44,B13,'[1]FACT N°125SFOT17'!$I$21:$I$44)+SUMIF('[1]FACT N°130SFOT17'!$E$21,B13,'[1]FACT N°130SFOT17'!$I$21)+SUMIF('[1]FACT N°129SFOT17'!$E$21:$E$26,B13,'[1]FACT N°129SFOT17'!$I$21:$I$26) -> 956581.5 | H68: =SUM(C68:G68) -> 2300107.8 | I68: =SUMIF('[1]FACT N°17SBOT17'!$E$21,B13,'[1]FACT N°17SBOT17'!$H$21)+SUMIF('[1]FACT N°16SBOT17'!$E$21:$E$22,B13,'[1]FACT N°16SBOT17'!$H$21:$H$22)+SUMIF('[1]FACT N°127SFOT17'!$E$21,B13,'[1]FACT N°127SFOT17'!$H$21)+SUMIF('[1]FACT N°18SBOT17'!$E$21,B13,'[1]FACT N°18SBOT17'!$H$21) -> 0 | J68: =I68+H68 -> 2300107.8
B69: LTTR 691 AM | C69: 0 | D69: 0 | E69: =SUMIF('[1]FACT N°128SFOT17'!$E$21:$E$22,B14,'[1]FACT N°128SFOT17'!$I$21:$I$22)+SUMIF('[1]FACT N°131SFOT17'!$E$21:$E$43,B14,'[1]FACT N°131SFOT17'!$I$21:$I$43) -> 474722.96 | F69: 0 | G69: =SUMIF('[1]FACT N°126SFOT17'!$E$21:$E$39,B14,'[1]FACT N°126SFOT17'!$I$21:$I$39)+SUMIF('[1]FACT N°125SFOT17'!$E$21:$E$44,B14,'[1]FACT N°125SFOT17'!$I$21:$I$44)+SUMIF('[1]FACT N°130SFOT17'!$E$21,B14,'[1]FACT N°130SFOT17'!$I$21)+SUMIF('[1]FACT N°129SFOT17'!$E$21:$E$26,B14,'[1]FACT N°129SFOT17'!$I$21:$I$26) -> 2041969.9 | H69: =SUM(C69:G69) -> 2516692.8 | I69: =SUMIF('[1]FACT N°17SBOT17'!$E$21,B14,'[1]FACT N°17SBOT17'!$H$21)+SUMIF('[1]FACT N°16SBOT17'!$E$21:$E$22,B14,'[1]FACT N°16SBOT17'!$H$21:$H$22)+SUMIF('[1]FACT N°127SFOT17'!$E$21,B14,'[1]FACT N°127SFOT17'!$H$21)+SUMIF('[1]FACT N°18SBOT17'!$E$21,B14,'[1]FACT N°18SBOT17'!$H$21) -> 0 | J69: =I69+H69 -> 2516692.8
B70: LTTR 917 AM | C70: 0 | D70: 0 | E70: =SUMIF('[1]FACT N°128SFOT17'!$E$21:$E$22,B15,'[1]FACT N°128SFOT17'!$I$21:$I$22)+SUMIF('[1]FACT N°131SFOT17'!$E$21:$E$43,B15,'[1]FACT N°131SFOT17'!$I$21:$I$43) -> 1399372.7 | F70: 0 | G70: =SUMIF('[1]FACT N°126SFOT17'!$E$21:$E$39,B15,'[1]FACT N°126SFOT17'!$I$21:$I$39)+SUMIF('[1]FACT N°125SFOT17'!$E$21:$E$44,B15,'[1]FACT N°125SFOT17'!$I$21:$I$44)+SUMIF('[1]FACT N°130SFOT17'!$E$21,B15,'[1]FACT N°130SFOT17'!$I$21)+SUMIF('[1]FACT N°129SFOT17'!$E$21:$E$26,B15,'[1]FACT N°129SFOT17'!$I$21:$I$26) -> 766887 | H70: =SUM(C70:G70) -> 2166259.7 | I70: =SUMIF('[1]FACT N°17SBOT17'!$E$21,B15,'[1]FACT N°17SBOT17'!$H$21)+SUMIF('[1]FACT N°16SBOT17'!$E$21:$E$22,B15,'[1]FACT N°16SBOT17'!$H$21:$H$22)+SUMIF('[1]FACT N°127SFOT17'!$E$21,B15,'[1]FACT N°127SFOT17'!$H$21)+SUMIF('[1]FACT N°18SBOT17'!$E$21,B15,'[1]FACT N°18SBOT17'!$H$21) -> 0 | J70: =I70+H70 -> 2166259.7
B71: LTTR 905 AN | C71: 0 | D71: 0 | E71: =SUMIF('[1]FACT N°128SFOT17'!$E$21:$E$22,B16,'[1]FACT N°128SFOT17'!$I$21:$I$22)+SUMIF('[1]FACT N°131SFOT17'!$E$21:$E$43,B16,'[1]FACT N°131SFOT17'!$I$21:$I$43) -> 0 | F71: 0 | G71: =SUMIF('[1]FACT N°126SFOT17'!$E$21:$E$39,B16,'[1]FACT N°126SFOT17'!$I$21:$I$39)+SUMIF('[1]FACT N°125SFOT17'!$E$21:$E$44,B16,'[1]FACT N°125SFOT17'!$I$21:$I$44)+SUMIF('[1]FACT N°130SFOT17'!$E$21,B16,'[1]FACT N°130SFOT17'!$I$21)+SUMIF('[1]FACT N°129SFOT17'!$E$21:$E$26,B16,'[1]FACT N°129SFOT17'!$I$21:$I$26) -> 2182838.2 | H71: =SUM(C71:G71) -> 2182838.2 | I71: =SUMIF('[1]FACT N°17SBOT17'!$E$21,B16,'[1]FACT N°17SBOT17'!$H$21)+SUMIF('[1]FACT N°16SBOT17'!$E$21:$E$22,B16,'[1]FACT N°16SBOT17'!$H$21:$H$22)+SUMIF('[1]FACT N°127SFOT17'!$E$21,B16,'[1]FACT N°127SFOT17'!$H$21)+SUMIF('[1]FACT N°18SBOT17'!$E$21,B16,'[1]FACT N°18SBOT17'!$H$21) -> 2150000 | J71: =I71+H71 -> 4332838.2
B72: LTTR 906 AN | C72: 0 | D72: 0 | E72: =SUMIF('[1]FACT N°128SFOT17'!$E$21:$E$22,B17,'[1]FACT N°128SFOT17'!$I$21:$I$22)+SUMIF('[1]FACT N°131SFOT17'!$E$21:$E$43,B17,'[1]FACT N°131SFOT17'!$I$21:$I$43) -> 0 | F72: 0 | G72: =SUMIF('[1]FACT N°126SFOT17'!$E$21:$E$39,B17,'[1]FACT N°126SFOT17'!$I$21:$I$39)+SUMIF('[1]FACT N°125SFOT17'!$E$21:$E$44,B17,'[1]FACT N°125SFOT17'!$I$21:$I$44)+SUMIF('[1]FACT N°130SFOT17'!$E$21,B17,'[1]FACT N°130SFOT17'!$I$21)+SUMIF('[1]FACT N°129SFOT17'!$E$21:$E$26,B17,'[1]FACT N°129SFOT17'!$I$21:$I$26) -> 1431193.9 | H72: =SUM(C72:G72) -> 1431193.9 | I72: =SUMIF('[1]FACT N°17SBOT17'!$E$21,B17,'[1]FACT N°17SBOT17'!$H$21)+SUMIF('[1]FACT N°16SBOT17'!$E$21:$E$22,B17,'[1]FACT N°16SBOT17'!$H$21:$H$22)+SUMIF('[1]FACT N°127SFOT17'!$E$21,B17,'[1]FACT N°127SFOT17'!$H$21)+SUMIF('[1]FACT N°18SBOT17'!$E$21,B17,'[1]FACT N°18SBOT17'!$H$21) -> 2150000 | J72: =I72+H72 -> 3581193.9
B73: LTTR 907 AN | C73: 0 | D73: 0 | E73: =SUMIF('[1]FACT N°128SFOT17'!$E$21:$E$22,B18,'[1]FACT N°128SFOT17'!$I$21:$I$22)+SUMIF('[1]FACT N°131SFOT17'!$E$21:$E$43,B18,'[1]FACT N°131SFOT17'!$I$21:$I$43) -> 0 | F73: 0 | G73: =SUMIF('[1]FACT N°126SFOT17'!$E$21:$E$39,B18,'[1]FACT N°126SFOT17'!$I$21:$I$39)+SUMIF('[1]FACT N°125SFOT17'!$E$21:$E$44,B18,'[1]FACT N°125SFOT17'!$I$21:$I$44)+SUMIF('[1]FACT N°130SFOT17'!$E$21,B18,'[1]FACT N°130SFOT17'!$I$21)+SUMIF('[1]FACT N°129SFOT17'!$E$21:$E$26,B18,'[1]FACT N°129SFOT17'!$I$21:$I$26) -> 1627907.2 | H73: =SUM(C73:G73) -> 1627907.2 | I73: =SUMIF('[1]FACT N°17SBOT17'!$E$21,B18,'[1]FACT N°17SBOT17'!$H$21)+SUMIF('[1]FACT N°16SBOT17'!$E$21:$E$22,B18,'[1]FACT N°16SBOT17'!$H$21:$H$22)+SUMIF('[1]FACT N°127SFOT17'!$E$21,B18,'[1]FACT N°127SFOT17'!$H$21)+SUMIF('[1]FACT N°18SBOT17'!$E$21,B18,'[1]FACT N°18SBOT17'!$H$21) -> 2150000 | J73: =I73+H73 -> 3777907.2
B74: TOTAL | C74: =SUM(C61:C73) -> 0 | D74: =SUM(D61:D73) -> 0 | E74: =SUM(E61:E73) -> 5778607 | F74: =SUM(F61:F73) -> 0 | G74: =SUM(G61:G73) -> 12972207 | H74: =SUM(H61:H73) -> 18750814 | I74: =SUM(I61:I73) -> 11250000 | J74: =SUM(J61:J73) -> 30000814
C78: PRIMES CHAUFFEURS | G78: NOV. 17
B80: N° | C80: NAVETTES | H80: TOTAL | I80: PRIMES | J80: EXPORT | K80: PRIMES | L80: TOTAL
C81: 10064 | D81: 10012 | E81: 10009 | F81: 10008 | G81: 10010
B82: LTTR 483 AH | C82: 0 | D82: 0 | E82: 0 | F82: 0 | G82: 0 | H82: 0 | I82: 0 | J82: 2 | K82: 50000 | L82: 50000
B83: LTTR 275 AF | C83: 0 | D83: 0 | E83: 0 | F83: 0 | G83: 0 | H83: 0 | I83: 0 | J83: 1 | K83: 25000 | L83: 25000
B84: LTTR 273 AF | C84: 0 | D84: 0 | E84: 0 | F84: 0 | G84: 0 | H84: 0 | I84: 0 | J84: 2 | K84: 60000 | L84: 60000
B85: LTTR 797 AJ | C85: 0 | D85: 0 | E85: 4 | F85: 0 | G85: 3 | H85: 7 | I85: 35000 | J85: 0 | K85: 0 | L85: 35000
B86: LTTR 798 AJ | C86: 0 | D86: 0 | E86: 3 | F86: 0 | G86: 0 | H86: 3 | I86: 15000 | J86: 1 | K86: 25000 | L86: 40000
B87: LTTR 175 AL | C87: 0 | D87: 0 | E87: 2 | F87: 0 | G87: 2 | H87: 4 | I87: 20000 | J87: 0 | K87: 0 | L87: 20000
B88: LTTR 689 AM | C88: 0 | D88: 0 | E88: 4 | F88: 0 | G88: 5 | H88: 9 | I88: 45000 | J88: 0 | K88: 0 | L88: 45000
B89: LTTR 690 AM | C89: 0 | D89: 0 | E89: 7 | F89: 0 | G89: 2 | H89: 9 | I89: 45000 | J89: 0 | K89: 0 | L89: 45000
B90: LTTR 691 AM | C90: 0 | D90: 0 | E90: 4 | F90: 0 | G90: 4 | H90: 8 | I90: 40000 | J90: 0 | K90: 0 | L90: 40000
B91: LTTR 917 AM | C91: 0 | D91: 0 | E91: 9 | F91: 0 | G91: 2 | H91: 11 | I91: 55000 | J91: 0 | K91: 0 | L91: 55000
B92: LTTR 905 AN | C92: 0 | D92: 0 | E92: 2 | F92: 0 | G92: 4 | H92: 6 | I92: 30000 | J92: 0 | K92: 0 | L92: 30000
B93: LTTR 906 AN | C93: 0 | D93: 0 | E93: 0 | F93: 0 | G93: 3 | H93: 3 | I93: 15000 | J93: 1 | K93: 25000 | L93: 40000
... B95: TOTAL | C95: 0 | D95: 0 | E95: 38 | F95: 0 | G95: 28 | H95: 66 | I95: 330000 | J95: 7 | K95: 185000 | L95: 515000
C97: RECAP SALAIRES NETS NOV. 17
B98: N° | C98: SALAIRE | D98: PRIMES | E98: MOTORBOY | F98: > 50m³ | G98: < 40m³ | H98: Prime Spéciale | I98: Primes nettes | J98: TOTAL
B99: LTTR 483 AH | C99: 200000 | D99: 50000 | E99: 50000 | F99: 0 | G99: 0 | H99: 0 | I99: 50000 | J99: 300000
B100: LTTR 275 AF | C100: 150000 | D100: 25000 | E100: 50000 | F100: 0 | G100: 0 | H100: 0 | I100: 25000 | J100: 225000
B101: LTTR 273 AF | C101: 150000 | D101: 60000 | E101: 50000 | F101: 0 | G101: 0 | H101: 0 | I101: 60000 | J101: 260000
B102: LTTR 797 AJ | C102: 150000 | D102: 35000 | E102: 50000 | F102: 0 | G102: 12500 | H102: 0 | I102: 22500 | J102: 222500
B103: LTTR 798 AJ | C103: 150000 | D103: 40000 | E103: 50000 | F103: 0 | G103: 7500 | H103: 0 | I103: 32500 | J103: 232500
B104: LTTR 175 AL | C104: 150000 | D104: 20000 | E104: 50000 | F104: 0 | G104: 5000 | H104: 0 | I104: 15000 | J104: 215000
B105: LTTR 689 AM | C105: 150000 | D105: 45000 | E105: 50000 | F105: 0 | G105: 5000 | H105: 0 | I105: 40000 | J105: 240000
B106: LTTR 690 AM | C106: 150000 | D106: 45000 | E106: 50000 | F106: 0 | G106: 7500 | H106: 0 | I106: 37500 | J106: 237500
B107: LTTR 691 AM | C107: 150000 | D107: 40000 | E107: 50000 | F107: 2500 | G107: 12500 | H107: 0 | I107: 30000 | J107: 230000
B108: LTTR 917 AM | C108: 150000 | D108: 55000 | E108: 50000 | F108: 2500 | G108: 12500 | H108: 0 | I108: 45000 | J108: 245000
B109: LTTR 905 AN | C109: 150000 | D109: 30000 | E109: 50000 | F109: 2500 | G109: 2500 | H109: 0 | I109: 30000 | J109: 230000
B110: LTTR 906 AN | C110: 150000 | D110: 40000 | E110: 50000 | F110: 0 | G110: 2500 | H110: 0 | I110: 37500 | J110: 237500
... B112: Total | C112: 2000000 | D112: 515000 | E112: 650000 | F112: 10000 | G112: 70000 | H112: 0 | I112: 455000 | J112: 3105000
E114: Prévisions Gasoil Navettes + MRS Bertoua NOV. 17
B116: N° | C116: NOMBRE DE NAVETTES | H116: MRS BERTOUA | I116: Gasoil Navettes | J116: TOTAL
...

Sheet Feuil2
B1: CALCUL DES SALAIRES, PRIMES, CONSOS GASOIL ET CHIFFRE D'AFFAIRES MOIS DE DECEMBRE 18
A2: Décembre
A3: CAMIONS | B3: UFA10008 | C3: UFA10009 | D3: UFA10010 | E3: UFA10012 | F3: UFA10064 | G3: TOTAL | H3: EXPORTS | I3: CA NAVETTES | J3: CA EXPORTS | K3: CA TOTAL | L3: SALAIRE | M3: PRIMES | N3: PRIME SPC | O3: TTAL SAL+PRIMES
A4: LTTR 175 AL | B4: =VLOOKUP($A4,Feuil1!$B$6:$L$18,5,0) -> 0 | C4: =VLOOKUP($A4,Feuil1!$B$6:$L$18,4,0) -> 0 | D4: =VLOOKUP($A4,Feuil1!$B$6:$L$18,6,0) -> 7 | E4: =VLOOKUP($A4,Feuil1!$B$6:$L$18,3,0) -> 0 | F4: =VLOOKUP($A4,Feuil1!$B$6:$L$18,2,0) -> 0 | G4: =SUM(B4:F4) -> 7 | H4: =VLOOKUP($A4,Feuil1!$B$6:$L$18,9,0) -> 1 | I4: =VLOOKUP($A4,Feuil1!$B$61:$L$73,7,0) -> 1685754 | J4: =VLOOKUP($A4,Feuil1!$B$61:$L$73,8,0) -> 2150000 | K4: =I4+J4 -> 3835754 | L4: 125000 | M4: =VLOOKUP($A4,Feuil1!$B$23:$L$35,3,0) -> 60000 | N4: =VLOOKUP($A4,Feuil1!$B$23:$L$35,7,0) -> 0 | O4: =SUM(L4:N4) -> 185000
A5: LTTR 273 AF | B5: =VLOOKUP($A5,Feuil1!$B$6:$L$18,5,0) -> 0 | C5: =VLOOKUP($A5,Feuil1!$B$6:$L$18,4,0) -> 0 | D5: =VLOOKUP($A5,Feuil1!$B$6:$L$18,6,0) -> 0 | E5: =VLOOKUP($A5,Feuil1!$B$6:$L$18,3,0) -> 0 | F5: =VLOOKUP($A5,Feuil1!$B$6:$L$18,2,0) -> 0 | G5: =SUM(B5:F5) -> 0 | H5: =VLOOKUP($A5,Feuil1!$B$6:$L$18,9,0) -> 1 | I5: =VLOOKUP($A5,Feuil1!$B$61:$L$73,7,0) -> 0 | J5: =VLOOKUP($A5,Feuil1!$B$61:$L$73,8,0) -> 2650000 | K5: =I5+J5 -> 2650000 | L5: 125000 | M5: =VLOOKUP($A5,Feuil1!$B$23:$L$35,3,0) -> 30000 | N5: =VLOOKUP($A5,Feuil1!$B$23:$L$35,7,0) -> 0 | O5: =SUM(L5:N5) -> 155000
A6: LTTR 275 AF | B6: =VLOOKUP($A6,Feuil1!$B$6:$L$18,5,0) -> 0 | C6: =VLOOKUP($A6,Feuil1!$B$6:$L$18,4,0) -> 0 | D6: =VLOOKUP($A6,Feuil1!$B$6:$L$18,6,0) -> 0 | E6: =VLOOKUP($A6,Feuil1!$B$6:$L$18,3,0) -> 0 | F6: =VLOOKUP($A6,Feuil1!$B$6:$L$18,2,0) -> 0 | G6: =SUM(B6:F6) -> 0 | H6: =VLOOKUP($A6,Feuil1!$B$6:$L$18,9,0) -> 0 | I6: =VLOOKUP($A6,Feuil1!$B$61:$L$73,7,0) -> 0 | J6: =VLOOKUP($A6,Feuil1!$B$61:$L$73,8,0) -> 0 | K6: =I6+J6 -> 0 | L6: 125000 | M6: =VLOOKUP($A6,Feuil1!$B$23:$L$35,3,0) -> 0 | N6: =VLOOKUP($A6,Feuil1!$B$23:$L$35,7,0) -> 0 | O6: =SUM(L6:N6) -> 125000
A7: LTTR 483 AH | B7: =VLOOKUP($A7,Feuil1!$B$6:$L$18,5,0) -> 0 | C7: =VLOOKUP($A7,Feuil1!$B$6:$L$18,4,0) -> 0 | D7: =VLOOKUP($A7,Feuil1!$B$6:$L$18,6,0) -> 0 | E7: =VLOOKUP($A7,Feuil1!$B$6:$L$18,3,0) -> 0 | F7: =VLOOKUP($A7,Feuil1!$B$6:$L$18,2,0) -> 0 | G7: =SUM(B7:F7) -> 0 | H7: =VLOOKUP($A7,Feuil1!$B$6:$L$18,9,0) -> 0 | I7: =VLOOKUP($A7,Feuil1!$B$61:$L$73,7,0) -> 0 | J7: =VLOOKUP($A7,Feuil1!$B$61:$L$73,8,0) -> 0 | K7: =I7+J7 -> 0 | L7: 125000 | M7: =VLOOKUP($A7,Feuil1!$B$23:$L$35,3,0) -> 0 | N7: =VLOOKUP($A7,Feuil1!$B$23:$L$35,7,0) -> 0 | O7: =SUM(L7:N7) -> 125000
A8: LTTR 689 AM | B8: =VLOOKUP($A8,Feuil1!$B$6:$L$18,5,0) -> 0 | C8: =VLOOKUP($A8,Feuil1!$B$6:$L$18,4,0) -> 8 | D8: =VLOOKUP($A8,Feuil1!$B$6:$L$18,6,0) -> 3 | E8: =VLOOKUP($A8,Feuil1!$B$6:$L$18,3,0) -> 0 | F8: =VLOOKUP($A8,Feuil1!$B$6:$L$18,2,0) -> 0 | G8: =SUM(B8:F8) -> 11 | H8: =VLOOKUP($A8,Feuil1!$B$6:$L$18,9,0) -> 0 | I8: =VLOOKUP($A8,Feuil1!$B$61:$L$73,7,0) -> 2588100.1 | J8: =VLOOKUP($A8,Feuil1!$B$61:$L$73,8,0) -> 0 | K8: =I8+J8 -> 2588100.1 | L8: 130000 | M8: =VLOOKUP($A8,Feuil1!$B$23:$L$35,3,0) -> 55000 | N8: =VLOOKUP($A8,Feuil1!$B$23:$L$35,7,0) -> 0 | O8: =SUM(L8:N8) -> 185000
A9: LTTR 690 AM | B9: =VLOOKUP($A9,Feuil1!$B$6:$L$18,5,0) -> 0 | C9: =VLOOKUP($A9,Feuil1!$B$6:$L$18,4,0) -> 6 | D9: =VLOOKUP($A9,Feuil1!$B$6:$L$18,6,0) -> 4 | E9: =VLOOKUP($A9,Feuil1!$B$6:$L$18,3,0) -> 0 | F9: =VLOOKUP($A9,Feuil1!$B$6:$L$18,2,0) -> 0 | G9: =SUM(B9:F9) -> 10 | H9: =VLOOKUP($A9,Feuil1!$B$6:$L$18,9,0) -> 0 | I9: =VLOOKUP($A9,Feuil1!$B$61:$L$73,7,0) -> 2300107.8 | J9: =VLOOKUP($A9,Feuil1!$B$61:$L$73,8,0) -> 0 | K9: =I9+J9 -> 2300107.8 | L9: 125000 | M9: =VLOOKUP($A9,Feuil1!$B$23:$L$35,3,0) -> 50000 | N9: =VLOOKUP($A9,Feuil1!$B$23:$L$35,7,0) -> 0 | O9: =SUM(L9:N9) -> 175000
A10: LTTR 691 AM | B10: =VLOOKUP($A10,Feuil1!$B$6:$L$18,5,0) -> 0 | C10: =VLOOKUP($A10,Feuil1!$B$6:$L$18,4,0) -> 2 | D10: =VLOOKUP($A10,Feuil1!$B$6:$L$18,6,0) -> 8 | E10: =VLOOKUP($A10,Feuil1!$B$6:$L$18,3,0) -> 0 | F10: =VLOOKUP($A10,Feuil1!$B$6:$L$18,2,0) -> 0 | G10: =SUM(B10:F10) -> 10 | H10: =VLOOKUP($A10,Feuil1!$B$6:$L$18,9,0) -> 0 | I10: =VLOOKUP($A10,Feuil1!$B$61:$L$73,7,0) -> 2516692.8 | J10: =VLOOKUP($A10,Feuil1!$B$61:$L$73,8,0) -> 0 | K10: =I10+J10 -> 2516692.8 | L10: 125000 | M10: =VLOOKUP($A10,Feuil1!$B$23:$L$35,3,0) -> 50000 | N10: =VLOOKUP($A10,Feuil1!$B$23:$L$35,7,0) -> 0 | O10: =SUM(L10:N10) -> 175000
A11: LTTR 797 AJ | B11: =VLOOKUP($A11,Feuil1!$B$6:$L$18,5,0) -> 0 | C11: =VLOOKUP($A11,Feuil1!$B$6:$L$18,4,0) -> 0 | D11: =VLOOKUP($A11,Feuil1!$B$6:$L$18,6,0) -> 0 | E11: =VLOOKUP($A11,Feuil1!$B$6:$L$18,3,0) -> 0 | F11: =VLOOKUP($A11,Feuil1!$B$6:$L$18,2,0) -> 0 | G11: =SUM(B11:F11) -> 0 | H11: =VLOOKUP($A11,Feuil1!$B$6:$L$18,9,0) -> 0 | I11: =VLOOKUP($A11,Feuil1!$B$61:$L$73,7,0) -> 0 | J11: =VLOOKUP($A11,Feuil1!$B$61:$L$73,8,0) -> 0 | K11: =I11+J11 -> 0 | L11: 125000 | M11: =VLOOKUP($A11,Feuil1!$B$23:$L$35,3,0) -> 0 | N11: =VLOOKUP($A11,Feuil1!$B$23:$L$35,7,0) -> 0 | O11: =SUM(L11:N11) -> 125000
A12: LTTR 798 AJ | B12: =VLOOKUP($A12,Feuil1!$B$6:$L$18,5,0) -> 0 | C12: =VLOOKUP($A12,Feuil1!$B$6:$L$18,4,0) -> 3 | D12: =VLOOKUP($A12,Feuil1!$B$6:$L$18,6,0) -> 6 | E12: =VLOOKUP($A12,Feuil1!$B$6:$L$18,3,0) -> 0 | F12: =VLOOKUP($A12,Feuil1!$B$6:$L$18,2,0) -> 0 | G12: =SUM(B12:F12) -> 9 | H12: =VLOOKUP($A12,Feuil1!$B$6:$L$18,9,0) -> 0 | I12: =VLOOKUP($A12,Feuil1!$B$61:$L$73,7,0) -> 2251960.2 | J12: =VLOOKUP($A12,Feuil1!$B$61:$L$73,8,0) -> 0 | K12: =I12+J12 -> 2251960.2 | L12: 125000 | M12: =VLOOKUP($A12,Feuil1!$B$23:$L$35,3,0) -> 45000 | N12: =VLOOKUP($A12,Feuil1!$B$23:$L$35,7,0) -> 0 | O12: =SUM(L12:N12) -> 170000
A13: LTTR 905 AN | B13: =VLOOKUP($A13,Feuil1!$B$6:$L$18,5,0) -> 0 | C13: =VLOOKUP($A13,Feuil1!$B$6:$L$18,4,0) -> 0 | D13: =VLOOKUP($A13,Feuil1!$B$6:$L$18,6,0) -> 8 | E13: =VLOOKUP($A13,Feuil1!$B$6:$L$18,3,0) -> 0 | F13: =VLOOKUP($A13,Feuil1!$B$6:$L$18,2,0) -> 0 | G13: =SUM(B13:F13) -> 8 | H13: =VLOOKUP($A13,Feuil1!$B$6:$L$18,9,0) -> 1 | I13: =VLOOKUP($A13,Feuil1!$B$61:$L$73,7,0) -> 2182838.2 | J13: =VLOOKUP($A13,Feuil1!$B$61:$L$73,8,0) -> 2150000 | K13: =I13+J13 -> 4332838.2 | L13: 140000 | M13: =VLOOKUP($A13,Feuil1!$B$23:$L$35,3,0) -> 65000 | N13: =VLOOKUP($A13,Feuil1!$B$23:$L$35,7,0) -> 0 | O13: =SUM(L13:N13) -> 205000
A14: LTTR 906 AN | B14: =VLOOKUP($A14,Feuil1!$B$6:$L$18,5,0) -> 0 | C14: =VLOOKUP($A14,Feuil1!$B$6:$L$18,4,0) -> 0 | D14: =VLOOKUP($A14,Feuil1!$B$6:$L$18,6,0) -> 5 | E14: =VLOOKUP($A14,Feuil1!$B$6:$L$18,3,0) -> 0 | F14: =VLOOKUP($A14,Feuil1!$B$6:$L$18,2,0) -> 0 | G14: =SUM(B14:F14) -> 5 | H14: =VLOOKUP($A14,Feuil1!$B$6:$L$18,9,0) -> 1 | I14: =VLOOKUP($A14,Feuil1!$B$61:$L$73,7,0) -> 1431193.9 | J14: =VLOOKUP($A14,Feuil1!$B$61:$L$73,8,0) -> 2150000 | K14: =I14+J14 -> 3581193.9 | L14: 140000 | M14: =VLOOKUP($A14,Feuil1!$B$23:$L$35,3,0) -> 50000 | N14: =VLOOKUP($A14,Feuil1!$B$23:$L$35,7,0) -> 0 | O14: =SUM(L14:N14) -> 190000
A15: LTTR 907 AN | B15: =VLOOKUP($A15,Feuil1!$B$6:$L$18,5,0) -> 0 | C15: =VLOOKUP($A15,Feuil1!$B$6:$L$18,4,0) -> 0 | D15: =VLOOKUP($A15,Feuil1!$B$6:$L$18,6,0) -> 6 | E15: =VLOOKUP($A15,Feuil1!$B$6:$L$18,3,0) -> 0 | F15: =VLOOKUP($A15,Feuil1!$B$6:$L$18,2,0) -> 0 | G15: =SUM(B15:F15) -> 6 | H15: =VLOOKUP($A15,Feuil1!$B$6:$L$18,9,0) -> 1 | I15: =VLOOKUP($A15,Feuil1!$B$61:$L$73,7,0) -> 1627907.2 | J15: =VLOOKUP($A15,Feuil1!$B$61:$L$73,8,0) -> 2150000 | K15: =I15+J15 -> 3777907.2 | L15: 130000 | M15: =VLOOKUP($A15,Feuil1!$B$23:$L$35,3,0) -> 55000 | N15: =VLOOKUP($A15,Feuil1!$B$23:$L$35,7,0) -> 0 | O15: =SUM(L15:N15) -> 185000
A16: LTTR 917 AM | B16: =VLOOKUP($A16,Feuil1!$B$6:$L$18,5,0) -> 0 | C16: =VLOOKUP($A16,Feuil1!$B$6:$L$18,4,0) -> 6 | D16: =VLOOKUP($A16,Feuil1!$B$6:$L$18,6,0) -> 3 | E16: =VLOOKUP($A16,Feuil1!$B$6:$L$18,3,0) -> 0 | F16: =VLOOKUP($A16,Feuil1!$B$6:$L$18,2,0) -> 0 | G16: =SUM(B16:F16) -> 9 | H16: =VLOOKUP($A16,Feuil1!$B$6:$L$18,9,0) -> 0 | I16: =VLOOKUP($A16,Feuil1!$B$61:$L$73,7,0) -> 2166259.7 | J16: =VLOOKUP($A16,Feuil1!$B$61:$L$73,8,0) -> 0 | K16: =I16+J16 -> 2166259.7 | L16: 125000 | M16: =VLOOKUP($A16,Feuil1!$B$23:$L$35,3,0) -> 45000 | N16: =VLOOKUP($A16,Feuil1!$B$23:$L$35,7,0) -> 0 | O16: =SUM(L16:N16) -> 170000
A17: TOTAL | B17: =SUM(B4:B16) -> 0 | C17: =SUM(C4:C16) -> 25 | D17: =SUM(D4:D16) -> 50 | E17: =SUM(E4:E16) -> 0 | F17: =SUM(F4:F16) -> 0 | G17: =SUM(G4:G16) -> 75 | H17: =SUM(H4:H16) -> 5 | I17: =SUM(I4:I16) -> 18750814 | ... O17: =SUM(O4:O16) -> 2170000
